 Dungeon Crawl Stone Soup version 0.30-a0-141-g30f27751c5 (webtiles) character file.

Game seed: 18390370919856172906

544151 qw the Slayer (level 26, -3/188 HPs)
             Began as a Gargoyle Fighter on Sept 25, 2022.
             Was a High Priest of Okawaru.
             Slain by a reaper
             ... wielding a +3 scythe of distortion
             ... called by a doom hound
              (6 damage)
             ... on level 4 of the Realm of Zot.
             The game lasted 00:31:56 (63067 turns).

qw the Slayer (Gargoyle Fighter)                   Turns: 63067, Time: 00:31:57

Health: -3/188     AC: 75    Str: 31 (32) XL:     26   Next: 9%
Magic:  1/27       EV: 10    Int: 11      God:    Okawaru [*****.]
Gold:   897        SH: 27    Dex: 13      Spells: 25/25 levels left

rFire   + + .      SeeInvis +    G - +8 broad axe of the Hammering Oracle {venom, rF+ Str+4}
rCold   + . .      Faith    .    D - +0 tower shield
rNeg    + . .      Spirit   .    I - +8 gold dragon scales
rPois   inf        Reflect  +    P - +1 helmet {SInv}
rElec   +          Harm     .    y - +2 cloak
rCorr   .          Rampage  .    t - +2 pair of gloves
Will    +....                    h - +2 pair of boots
Stlth   ..........               L - amulet of reflection
HPRegen 0.41/turn                l - +4 ring of protection
MPRegen 0.20/turn                s - +4 ring of protection

@: about to teleport, finesse-ful, flying
A: sickness immunity, AC +20, big wings, negative energy resistance 1,
electricity resistance, torment resistance 1, petrification resistance, agile 1,
deterioration 1, low MP 1, wild magic 1, inability to read after injury 1,
devolution 1
}: 3/15 runes: serpentine, barnacled, silver
a: Renounce Religion, Heroism, Finesse, Duel


You were on level 4 of the Realm of Zot.
You worshipped Okawaru.
Okawaru was extremely pleased with you.
You visited 8 branches of the dungeon, and saw 43 of its levels.
You visited the Abyss 1 time.

You collected 5813 gold pieces.
You spent 4916 gold pieces at shops.


Innate Abilities, Weirdness & Mutations

You are immune to sickness and miasma.
Your stone body is resilient. (AC +20)
You are immune to poison.
Your large and strong wings let you fly.
You resist negative energy. (rN+)
You are resistant to electric shocks. (rElec)
You are resistant to unholy torment.
You are immune to petrification.
You are agile. (Dex +4, Str/Int -1)
Your body sometimes deteriorates upon taking damage.
Your magical capacity is low. (-10% MP)
Your spells are a little harder to cast, but a little more powerful.
You occasionally lose the ability to read scrolls when taking damage.
You have hidden genetic defects.


   Skills:
 + Level 25.4 Fighting
 - Level 18.0 Axes
 - Level 15.0 Throwing
 - Level 22.0 Armour
 - Level 10.0 Dodging
 - Level 22.0 Shields
 - Level 10.0 Invocations


You had 25 spell levels left.
You didn't know any spells.
Your spell library was empty.

Inventory:

Hand Weapons
 G - the +8 broad axe of the Hammering Oracle (weapon) {venom, rF+ Str+4}
   (Okawaru gifted it to you on level 3 of the Vaults)

   It poisons the flesh of those it strikes.
   Str:       It affects your strength (+4).
   rF:        It protects you from fire.
Missiles
 b - a boomerang of dispersal
 i - 2 silver boomerangs
 p - 49 boomerangs
 F - 16 javelins (quivered)
 N - 2 silver javelins
Armour
 h - a +2 pair of boots (worn)
 t - a +2 pair of gloves (worn)
 u - a +2 helmet
 w - the +1 acid dragon scales of the Game of Kings {rC+++ rCorr}
   (Okawaru gifted it to you on level 2 of the Orcish Mines)

   rC:        It renders you almost immune to cold.
   rCorr:     It protects you from acid and corrosion.
 y - a +2 cloak (worn)
 D - a +0 tower shield (worn)
 I - +8 gold dragon scales (worn)
 P - a +1 helmet of see invisible (worn)
Jewellery
 l - a +4 ring of protection (left hand)
 r - a ring of resist corrosion
 s - a +4 ring of protection (right hand)
 v - a ring of protection from fire
 x - a ring of ice
 A - a ring of protection from cold
 B - a ring of resist corrosion
 L - an amulet of reflection (around neck)
 O - a ring of protection from fire
 Q - the amulet of Eternity {Spirit rCorr}
   (You found it on level 5 of the Vaults)

   [amulet of guardian spirit]

   It causes incoming damage to be divided between your reserves of health and
   magic.
   rCorr:     It protects you from acid and corrosion.
Wands
 E - a wand of digging (15)
Scrolls
 a - 23 scrolls of identify
 k - 6 scrolls of teleportation
 z - 2 scrolls of brand weapon
 C - 3 scrolls of enchant weapon
Potions
 d - 7 potions of might
 e - 22 potions of curing
 f - 4 potions of mutation
 j - a potion of resistance
 m - 10 potions of attraction
 n - 7 potions of lignification
 o - 4 potions of haste
 q - 3 potions of magic

Dungeon Overview and Level Annotations

Branches:
Dungeon (15/15)            Temple (0/1) D:4            Lair (5/5) D:9
 Shoals (4/4) Lair:2        Snake (4/4) Lair:3        Slime (0/5) Lair:4
    Orc (2/2) D:11            Elf (0/3) Orc:2        Vaults (5/5) D:14
  Crypt (0/3) Vaults:2     Depths (4/4) D:15            Zot (4/5) Depths:4

Altars:
Gozag
Hepliaklqana
Kikubaaqudgha
Makhleb
Nemelex Xobeh
Okawaru
Qazlal
Sif Muna
Trog
Uskayaw
Vehumet
Xom
The Shining One
Jiyva

Shops:
D:3 (   D:6 *   D:8 [   D:10 :   D:12 *   Orc:1 :   Orc:2 *=!=*
Snake:1 =:=[[((   Snake:2 *?*   Vaults:1 *   Depths:1 :

Portals:
Hell: Depths:1 Depths:2 Depths:3 Depths:4
Pandemonium: Depths:2 Depths:4
Ziggurat: Depths:3
Trove: Vaults:2 (give horn of Geryon)

Annotations:
D:10 2 runed translucent doors
Shoals:3 3 runed translucent doors
Shoals:4 2 transporters, ShutUppercut's ghost, adept SpEn
Snake:2 2 transporters
Vaults:3 8 runed translucent doors, Marixus's ghost, adept HOFi
Zot:2 1 runed translucent door, Sofait's ghost, legendary GnFE
Zot:4 Grunn


Message History

The ghost moth is heavily wounded.
You slash Grunn! You block the ghost moth's attack. x2
The ghost moth stings you but does no damage.
You barely miss the ghost moth.
The ghost moth is moderately wounded.
You hit Grunn but do no damage. You block Grunn's attack.
The purple draconian shifter casts a spell at you.
You blink.
You can read scrolls again.
The ghost moth stares at you.
You feel your power leaking away.
63061 ||| READING 7 scrolls of teleportation.
As you read the scroll of teleportation, it crumbles to dust.
You feel strangely unstable.
You feel the Orb delaying your translocation!
You block the reaper's attack. The ghost moth barely misses you.
You block the ghost moth's attack.
The ghost moth stings you but does no damage.
You carve the ghost moth like a ham!!!
You kill the ghost moth!
Okawaru accepts your kill. You block the reaper's attack.
You kill the purple draconian shifter!
Okawaru accepts your kill. Grunn hits you but does no damage.
The reaper barely misses you.
You see here a ghost moth corpse.
You slash Grunn!
Grunn is heavily damaged.
You carve Grunn like a ham!!!
Grunn is severely damaged.
You feel like a meek peon again. You block Grunn's attack.
You slice Grunn!!
Grunn is severely damaged.
The reaper hits you from afar with a +3 scythe of distortion!
You blink.
The reaper hits you but does no damage. Space warps around you.
You die...

#..# #..# ... #..# #..# ...
#..# #..# ..... #..# #..#
....... #.[# #..# ##.......
#))# #..###........ # #))##
#............. ###
#)..#####...¤....$...q
..#####......##.@.g.........
.)...##..........2.))....)..
....................).......
#.......>.......#####)......
##..............# .......
###............# .......
#....#.......# .......
#....##......# .......
#....###.....# #......


You could see Grunn and a reaper.

Vanquished Creatures
  2 ancient liches
  An orb of fire (Zot:4)
  Mara (Snake:3)
  2 juggernauts
  Parghit (Zot:3)
  Frederick (Vaults:2)
  7 caustic shrikes
  Saint Roka (Vaults:4)
  Vashnia (Snake:3)
  8 golden dragons
  2 bone dragons (Zot:4)
  2 doom hounds (Zot:4)
  Rupert (Lair:3)
  Zenata (Vaults:2)
  4 electric golems (Zot:2)
  16 tentacled monstrosities
  3 liches (Depths:3)
  7 quicksilver dragons
  A walking frostbound tome (Depths:2)
  A walking divine tome (Depths:3)
  Polyphemus (Shoals:4)
  2 krakens
  7 titans
  Kirke (Snake:4)
  Frances (Shoals:1)
  9 death cobs
  10 sphinxes
  9 tengu reavers
  16 storm dragons
  14 shadow dragons
  6 draconian monks
  5 nagarajas
  2 iron dragons (Vaults:5)
  3 draconian knights
  16 frost giants
  14 fire giants
  2 deep elf sorcerers (Vaults:5)
  16 vault wardens
  10 draconian scorchers
  6 draconian shifters
  Aizul (Snake:3)
  A balrug (Depths:1)
  4 ghost moths (Zot:4)
  Louise (Snake:4)
  A draconian stormcaller (Depths:4)
  3 spriggan defenders
  5 draconian annihilators
  3 orc warlords
  18 ironbound preservers
  9 ironbound thunderhulks
  34 stone giants
  5 vampire knights
  A war gargoyle (Vaults:4)
  17 very ugly things
  An eleionoma (shapeshifter) (Vaults:5)
  8 green draconians
  A putrid mouth (Zot:4)
  A lorocyproca (Depths:4)
  7 black draconians
  12 yellow draconians
  14 purple draconians
  2 deep elf annihilators (Vaults:5)
  Azrael (D:14)
  9 dire elephants
  14 white draconians
  5 red draconians
  3 spark wasps
  13 fire dragons
  Josephine (Lair:3)
  12 ettins
  2 merfolk impalers
  17 yaktaur captains
  A great orb of eyes (Vaults:3)
  An entropy weaver (Vaults:5)
  6 merfolk javelineers
  32 vault guards
  10 ice dragons
  A salamander tyrant (Snake:3)
  7 hydras
  3 rakshasas
  2 boulder beetles
  7 spriggan air magi
  2 catoblepae
  15 centaur warriors
  4 merfolk avatars
  12 ironbound frosthearts
  An alligator (shapeshifter) (Depths:1)
  6 anacondas
  3 merfolk aquamancers (Shoals:4)
  3 death yaks (Shoals:4)
  3 death knights
  6 tengu warriors
  5 satyrs
  7 two-headed ogres
  3 alligator snapping turtles (Shoals:4)
  5 deep troll shamans
  2 vampire magi
  10 naga warriors
  14 deep troll earth magi
  An orc high priest (Orc:1)
  7 spriggan berserkers
  9 shock serpents
  2 sun demons
  2 salamander mystics
  22 hell knights
  14 naga sharpshooters
  2 skeletal warriors (D:13)
  8 iron trolls
  Amaemon (Lair:2)
  20 sea snakes
  3 glowing orange brains
  52 deep trolls
  A swamp dragon (Lair:5)
  Pikel (D:6)
  A swamp dragon (shapeshifter) (Depths:3)
  2 naga ritualists
  6 phantasmal warriors
  2 flayed ghosts (Depths:2)
  5 wizards
  8 necromancers
  8 lindwurms
  A deep elf zephyrmancer (D:14)
  8 mana vipers
  26 harpies
  24 ironbound convokers
  15 orc knights
  A deep elf pyromancer (D:15)
  2 orc sorcerers
  7 cyclopes
  11 manticores
  24 fauns
  A cyclops (shapeshifter) (Depths:2)
  2 sphinx skeletons (Depths:1)
  19 ugly things
  A wolf spider (Lair:5)
  9 salamanders
  21 moths of wrath
  9 merfolk sirens
  12 naga magi
  A black mamba (shapeshifter) (D:13)
  7 guardian serpents
  9 elephants
  30 black mambas
  A water nymph (shapeshifter) (Vaults:4)
  A gargoyle (D:13)
  15 vault sentinels
  7 water nymphs
  2 orange demons
  2 smoke demons (Depths:1)
  13 cane toads
  6 rime drakes
  Maggie (D:6)
  39 yaktaurs
  2 unseen horrors
  3 komodo dragons
  2 freezing wraiths
  4 tengu conjurers
  3 ice devils
  4 polar bears
  33 merfolk
  4 hornets
  9 trolls
  8 wind drakes
  A tyrant leech (shapeshifter) (Vaults:5)
  8 dream sheep
  A hornet (shapeshifter) (D:15)
  34 slime creatures
  24 blink frogs
  A dream sheep (shapeshifter) (Vaults:5)
  11 snapping turtles
  A jumping spider (shapeshifter) (Vaults:5)
  A shadow (D:7)
  6 wraiths
  2 spriggans (Depths:2)
  A vampire (D:11)
  59 yaks
  7 hogs (Snake:4)
  10 water elementals
  Eustachio (D:5)
  16 wyverns
  5 fire elementals (D:14)
  3 steam dragons
  A neqoxec (Depths:4)
  A redback (Lair:5)
  8 vampire mosquitoes
  6 basilisks
  Menkaure (D:6)
  Edmund (D:6)
  45 nagas
  10 wargs
  4 acid dragons
  21 water moccasins
  3 hell hounds (D:14)
  4 swamp drakes (Lair:5)
  2 floating eyes
  51 orc warriors
  A spriggan simulacrum (Depths:1)
  An ice beast (D:5)
  4 sky beasts
  4 black bears
  4 boggarts (D:14)
  4 wolves (Lair:2)
  10 ogres
  14 centaurs
  2 phantoms
  2 kobold brigands
  4 gnoll sergeants
  2 bullfrogs
  A necrophage (D:7)
  6 scorpions
  A killer bee (D:8)
  5 howler monkeys
  4 electric eels
  2 hounds
  2 jellies
  20 orc priests
  A gnoll bouda (D:7)
  Ijyb (D:4)
  Natasha (thrice) (D:2)
  7 iguanas
  15 orc wizards
  A lightning spire (Zot:2)
  24 gnolls
  16 adders
  2 shadow imps
  An ufetubus (D:6)
  A worm (D:5)
  A dart slug (D:4)
  84 orcs
  5 bats
  8 endoplasms
  3 giant cockroaches
  5 goblins
  9 hobgoblins
  8 jackals
  14 kobolds
  2 quokkas (D:3)
  7 ball pythons
  4 frilled lizards
  9 rats
  A butterfly (D:6)
  5 tentacles
1866 creatures vanquished.

Vanquished Creatures (others)
  A sphinx (Depths:2)
  A storm dragon (Zot:4)
  A draconian knight (Zot:4)
  A fire giant (Vaults:4)
  A ghost moth (Zot:4)
  A red draconian (Zot:3)
  A black draconian (Zot:4)
  A merfolk aquamancer (Shoals:4)
  A shock serpent (Zot:4)
  A skeletal warrior (D:13)
  A wizard (Vaults:1)
  A wraith (D:13)
  A sky beast (D:8)
  An orc (Vaults:4)
  25 fungi
  272 plants
  7 tentacles
318 creatures vanquished.

Grand Total: 2184 creatures vanquished

Notes
Turn   | Place    | Note
-------+----------+-------------------------------------------
     0 | D:1      | qw the Gargoyle Fighter began the quest for the Orb.
     0 | D:1      | Reached XP level 1. HP: 14/14 MP: 1/1
     0 | D:1      | 0 ||| qw: Version: 0.2-a-10-g399e6c4
     0 | D:1      | 0 ||| qw: Game counter: 333
     0 | D:1      | 0 ||| qw: Always use a shield: true
     0 | D:1      | 0 ||| qw: God list: Okawaru
     0 | D:1      | 0 ||| qw: Allow faded altars: false
     0 | D:1      | 0 ||| qw: Do Orc after D:15 true
     0 | D:1      | 0 ||| qw: Do second Lair branch before Depths: true
     0 | D:1      | 0 ||| qw: Lair rune preference: random
     0 | D:1      | 0 ||| qw: Plans: Normal, Zot:1-4, God:TSO, Crypt, Tomb,
                  | Pan, Slime:5, Hells, Abyss, Orb
     0 | D:1      | 0 ||| PLANNING D:1-11
   113 | D:1      | 113 ||| Stepping ~*~*~tactically~*~*~ (stealth).
   161 | D:1      | Reached XP level 2. HP: 19/19 MP: 2/2
   612 | D:1      | Reached skill level 3 in Axes
   612 | D:1      | Reached XP level 3. HP: 16/23 MP: 3/3
   702 | D:1      | 702 ||| DROPPING +0 whip.
  1198 | D:1      | 1198 ||| READING 5 scrolls labelled QAELLE UXAF.
  1199 | D:1      | 1199 ||| READING scroll labelled EGIAMOL SIHAWE.
  1200 | D:1      | 1200 ||| DRINKING 2 inky potions.
  1201 | D:1      | 1201 ||| READING 4 scrolls of identify.
  1201 | D:1      | 1201 ||| IDENTIFYING yellow potion
  1202 | D:1      | 1202 ||| READING 3 scrolls of identify.
  1202 | D:1      | 1202 ||| IDENTIFYING fuming brown potion
  1240 | D:2      | 1240 ||| STAIRDANCE
  1247 | D:2      | 1247 ||| STAIRDANCE
  1279 | D:2      | 1279 ||| STAIRDANCE
  1347 | D:2      | 1347 ||| STAIRDANCE
  1417 | D:2      | 1417 ||| STAIRDANCE
  1648 | D:2      | 1648 ||| Stepping ~*~*~tactically~*~*~ (stealth).
  1770 | D:2      | Reached XP level 4. HP: 27/28 MP: 4/4
  1818 | D:2      | Found a faded altar of an unknown god.
  1833 | D:2      | Noticed Natasha
  1834 | D:2      | 1834 ||| Stepping ~*~*~tactically~*~*~ (hiding).
  1835 | D:2      | 1835 ||| Stepping ~*~*~tactically~*~*~ (hiding).
  1843 | D:2      | Killed Natasha
  1852 | D:2      | Noticed Natasha
  1858 | D:2      | Killed Natasha
  1859 | D:2      | Reached XP level 5. HP: 31/32 MP: 5/5
  1871 | D:2      | Identified the +4 rapier of Dissolution {speed, rF+ rN+
                  | Will++}
  1955 | D:2      | 1955 ||| Stepping ~*~*~tactically~*~*~ (hiding).
  1964 | D:2      | HP: 8/32 [gnoll/+0 halberd (4)]
  1965 | D:2      | 1965 ||| DRINKING potion of heal wounds.
  2003 | D:2      | Noticed Natasha
  2010 | D:2      | Killed Natasha
  2187 | D:2      | Found an iron altar of Okawaru.
  2188 | D:2      | 2188 ||| PLANNING OKAWARU WORSHIP
  2188 | D:2      | 2188 ||| UPGRADING to +0 pair of boots.
  2193 | D:2      | 2193 ||| UPGRADING to ring of positive energy.
  2194 | D:2      | 2194 ||| READING 2 scrolls labelled VIAKUC HIMMEAT.
  2198 | D:2      | 2198 ||| READING scroll labelled LIB TONUPSAZ.
  2199 | D:2      | 2199 ||| READING scroll labelled ZUDADE BACLI.
  2200 | D:2      | 2200 ||| READING 4 scrolls of identify.
  2200 | D:2      | 2200 ||| IDENTIFYING viscous coppery potion
  2201 | D:2      | 2201 ||| READING 3 scrolls of identify.
  2201 | D:2      | 2201 ||| IDENTIFYING fizzy ruby potion
  2222 | D:2      | Became a worshipper of Warmaster Okawaru
  2223 | D:2      | 2223 ||| PLANNING D:1-11
  2381 | D:3      | Found a hide-covered altar of Uskayaw.
  2505 | D:3      | 2505 ||| Stepping ~*~*~tactically~*~*~ (stealth).
  2523 | D:3      | Reached skill level 4 in Fighting
  2526 | D:3      | Reached XP level 6. HP: 30/38 MP: 6/6
  2538 | D:3      | 2538 ||| FLEEEEING.
  2621 | D:3      | 2621 ||| Stepping ~*~*~tactically~*~*~ (stealth).
  2705 | D:3      | Found a burning altar of Makhleb.
  2705 | D:3      | Found a glowing golden altar of the Shining One.
  2773 | D:3      | Found Zewocama's Weapon Shoppe.
  2777 | D:3      | 2777 ||| BUYING +0 broad axe (56 gold).
  2777 | D:3      | Bought a +0 broad axe for 56 gold pieces
  2777 | D:3      | 2777 ||| SWAPPING to +0 broad axe.
  2778 | D:3      | 2778 ||| DROPPING +0 war axe.
  3100 | D:3      | Reached skill level 1 in Dodging
  3438 | D:3      | 3438 ||| UPGRADING to +6 ring of strength.
  3439 | D:3      | 3439 ||| READING scroll labelled IFA WAESIRGH.
  3440 | D:3      | 3440 ||| DRINKING 2 white potions.
  3440 | D:3      | Gained mutation: You sometimes lose your temper in combat.
                  | [potion of mutation]
  3440 | D:3      | Gained mutation: Your spells are a little harder to cast,
                  | but a little more powerful. [potion of mutation]
  3441 | D:3      | 3441 ||| DRINKING potion of mutation.
  3441 | D:3      | Lost mutation: Your spells are a little harder to cast, but
                  | a little more powerful. [potion of mutation]
  3441 | D:3      | Lost mutation: You sometimes lose your temper in combat.
                  | [potion of mutation]
  3441 | D:3      | Gained mutation: You are agile. (Dex +4, Str/Int -1)
                  | [potion of mutation]
  3635 | D:4      | Found a staircase to the Ecumenical Temple.
  3636 | D:4      | 3636 ||| Stepping ~*~*~tactically~*~*~ (stealth).
  3638 | D:4      | 3638 ||| Stepping ~*~*~tactically~*~*~ (stealth).
  3738 | D:4      | Noticed Ijyb
  3739 | D:4      | 3739 ||| Stepping ~*~*~tactically~*~*~ (stealth).
  3740 | D:4      | 3740 ||| Stepping ~*~*~tactically~*~*~ (stealth).
  3741 | D:4      | 3741 ||| Stepping ~*~*~tactically~*~*~ (stealth).
  3744 | D:4      | 3744 ||| Stepping ~*~*~tactically~*~*~ (stealth).
  3746 | D:4      | 3746 ||| FLEEEEING.
  3747 | D:4      | 3747 ||| FLEEEEING.
  3748 | D:4      | 3748 ||| FLEEEEING.
  3749 | D:4      | 3749 ||| FLEEEEING.
  3750 | D:4      | 3750 ||| FLEEEEING.
  3750 | D:4      | Paralysed by Ijyb for 3 turns
  3753 | D:4      | 3753 ||| FLEEEEING.
  3756 | D:4      | 3756 ||| FLEEEEING.
  3763 | D:4      | Killed Ijyb
  3823 | D:4      | 3823 ||| Stepping ~*~*~tactically~*~*~ (stealth).
  3828 | D:4      | 3828 ||| Stepping ~*~*~tactically~*~*~ (stealth).
  3832 | D:4      | 3832 ||| Stepping ~*~*~tactically~*~*~ (stealth).
  3853 | D:4      | Noticed a black bear
  3873 | D:4      | Killed a black bear
  3873 | D:4      | Reached * piety under Okawaru
  3874 | D:4      | Reached skill level 6 in Axes
  3874 | D:4      | Reached XP level 7. HP: 17/43 MP: 7/7
  3898 | D:4      | 3898 ||| FLEEEEING.
  3899 | D:4      | 3899 ||| FLEEEEING.
  3911 | D:4      | 3911 ||| FLEEEEING.
  3912 | D:4      | 3912 ||| FLEEEEING.
  3913 | D:4      | 3913 ||| FLEEEEING.
  3914 | D:4      | 3914 ||| FLEEEEING.
  3915 | D:4      | 3915 ||| FLEEEEING.
  3916 | D:4      | 3916 ||| FLEEEEING.
  3917 | D:4      | 3917 ||| FLEEEEING.
  3918 | D:4      | 3918 ||| FLEEEEING.
  3919 | D:4      | 3919 ||| FLEEEEING.
  3920 | D:4      | 3920 ||| FLEEEEING.
  3921 | D:4      | 3921 ||| FLEEEEING.
  3926 | D:4      | 3926 ||| FLEEEEING.
  3927 | D:4      | 3927 ||| FLEEEEING.
  3928 | D:4      | 3928 ||| FLEEEEING.
  3929 | D:4      | 3929 ||| FLEEEEING.
  3930 | D:4      | 3930 ||| FLEEEEING.
  3931 | D:4      | 3931 ||| FLEEEEING.
  3941 | D:4      | 3941 ||| FLEEEEING.
  3958 | D:4      | 3958 ||| INVOKING Heroism.
  3959 | D:4      | 3959 ||| INVOKING Heroism.
  4509 | D:4      | Found a bloodstained altar of Trog.
  4902 | D:5      | Entered Level 5 of the Dungeon
  4913 | D:5      | 4913 ||| STAIRDANCE
  4967 | D:5      | 4967 ||| STAIRDANCE
  4975 | D:4      | 4975 ||| UPGRADING to +0 chain mail.
  4985 | D:4      | 4985 ||| DROPPING +0 scale mail.
  4989 | D:5      | 4989 ||| STAIRDANCE
  5170 | D:5      | Found a shimmering blue altar of Sif Muna.
  5233 | D:5      | Reached skill level 5 in Fighting
  5233 | D:5      | Reached skill level 1 in Invocations
  5255 | D:5      | Found a shimmering altar of Xom.
  5270 | D:5      | 5270 ||| INVOKING Heroism.
  5272 | D:5      | 5272 ||| Stepping ~*~*~tactically~*~*~ (hiding).
  5329 | D:5      | Reached XP level 8. HP: 49/49 MP: 9/9
  5329 | D:5      | Noticed Eustachio
  5330 | D:5      | 5330 ||| INVOKING Heroism.
  5331 | D:5      | 5331 ||| Stepping ~*~*~tactically~*~*~ (hiding).
  5335 | D:5      | 5335 ||| Stepping ~*~*~tactically~*~*~ (hiding).
  5344 | D:5      | Killed Eustachio
  5345 | D:5      | Reached skill level 3 in Invocations
  5550 | D:5      | 5550 ||| INVOKING Heroism.
  5565 | D:5      | 5565 ||| Stepping ~*~*~tactically~*~*~ (stealth).
  5566 | D:5      | 5566 ||| Stepping ~*~*~tactically~*~*~ (stealth).
  5571 | D:5      | 5571 ||| INVOKING Heroism.
  5611 | D:5      | 5611 ||| Stepping ~*~*~tactically~*~*~ (stealth).
  5717 | D:5      | 5717 ||| READING scroll labelled TUT ZAISCHUARGH.
  5718 | D:5      | 5718 ||| READING scroll labelled SEJIMN UPA AWK.
  5719 | D:5      | 5719 ||| READING 6 scrolls of identify.
  5719 | D:5      | 5719 ||| IDENTIFYING fizzy yellow potion
  5734 | D:6      | Noticed Maggie
  5734 | D:6      | Found a hazy altar of Hepliaklqana.
  5745 | D:6      | 5745 ||| STAIRDANCE
  5795 | D:6      | 5795 ||| INVOKING Heroism.
  5798 | D:6      | Killed Maggie
  5955 | D:6      | 5955 ||| Stepping ~*~*~tactically~*~*~ (stealth).
  5956 | D:6      | 5956 ||| INVOKING Heroism.
  5976 | D:6      | 5976 ||| DROPPING +0 flail.
  6066 | D:6      | Reached skill level 6 in Fighting
  6066 | D:6      | Reached XP level 9. HP: 52/55 MP: 12/12
  6080 | D:6      | Noticed Menkaure
  6081 | D:6      | 6081 ||| Stepping ~*~*~tactically~*~*~ (hiding).
  6086 | D:6      | 6086 ||| INVOKING Heroism.
  6091 | D:6      | Killed Menkaure
  6103 | D:6      | 6103 ||| Stepping ~*~*~tactically~*~*~ (stealth).
  6104 | D:6      | 6104 ||| Stepping ~*~*~tactically~*~*~ (stealth).
  6105 | D:6      | 6105 ||| Stepping ~*~*~tactically~*~*~ (stealth).
  6106 | D:6      | 6106 ||| Stepping ~*~*~tactically~*~*~ (hiding).
  6109 | D:6      | 6109 ||| INVOKING Heroism.
  6116 | D:6      | Reached skill level 9 in Axes
  6398 | D:6      | Noticed Edmund
  6400 | D:6      | 6400 ||| INVOKING Heroism.
  6407 | D:6      | Killed Edmund
  6407 | D:6      | Reached ** piety under Okawaru
  6452 | D:6      | Noticed Pikel
  6453 | D:6      | 6453 ||| INVOKING Heroism.
  6460 | D:6      | Killed Pikel
  6461 | D:6      | Reached skill level 3 in Dodging
  6470 | D:6      | 6470 ||| Stepping ~*~*~tactically~*~*~ (stealth).
  6548 | D:6      | Found an ancient bone altar of Kikubaaqudgha.
  6559 | D:6      | Found Xinuntai's General Store.
  6568 | D:6      | 6568 ||| BUYING scroll of enchant weapon (90 gold).
  6568 | D:6      | Bought a scroll of enchant weapon for 90 gold pieces
  6568 | D:6      | 6568 ||| READING scroll of enchant weapon.
  6568 | D:6      | 6568 ||| ENCHANTING +1 broad axe.
  6711 | D:6      | 6711 ||| INVOKING Heroism.
  6761 | D:6      | 6761 ||| UPGRADING to +6 ring of strength.
  6763 | D:6      | 6763 ||| DROPPING ring of positive energy.
  6764 | D:6      | 6764 ||| READING scroll labelled TUODUW JOHOPH.
  6795 | D:6      | 6795 ||| Stepping ~*~*~tactically~*~*~ (stealth).
  6807 | D:7      | 6807 ||| INVOKING Heroism.
  6909 | D:7      | Reached *** piety under Okawaru
  6910 | D:7      | Reached skill level 7 in Fighting
  6987 | D:7      | Found an iron altar of Okawaru.
  6988 | D:7      | 6988 ||| Stepping ~*~*~tactically~*~*~ (hiding).
  6989 | D:7      | 6989 ||| Stepping ~*~*~tactically~*~*~ (hiding).
  6992 | D:7      | 6992 ||| INVOKING Heroism.
  7125 | D:7      | 7125 ||| INVOKING Heroism.
  7193 | D:7      | 7193 ||| INVOKING Heroism.
  7197 | D:7      | Reached XP level 10. HP: 63/63 MP: 10/13
  7233 | D:7      | Found a sparkling altar of Nemelex Xobeh.
  7300 | D:7      | 7300 ||| Stepping ~*~*~tactically~*~*~ (stealth).
  7301 | D:7      | 7301 ||| Stepping ~*~*~tactically~*~*~ (stealth).
  7303 | D:7      | 7303 ||| Stepping ~*~*~tactically~*~*~ (hiding).
  7312 | D:7      | 7312 ||| Stepping ~*~*~tactically~*~*~ (stealth).
  7480 | D:7      | 7480 ||| READING 6 scrolls of identify.
  7480 | D:7      | 7480 ||| IDENTIFYING bubbling pink potion
  7481 | D:7      | 7481 ||| DROPPING potion of brilliance.
  7503 | D:8      | Found a radiant altar of Vehumet.
  7678 | D:8      | 7678 ||| Stepping ~*~*~tactically~*~*~ (hiding).
  7690 | D:8      | 7690 ||| INVOKING Heroism.
  7694 | D:8      | 7694 ||| Stepping ~*~*~tactically~*~*~ (hiding).
  7710 | D:8      | 7710 ||| Stepping ~*~*~tactically~*~*~ (stealth).
  7724 | D:8      | 7724 ||| INVOKING Heroism.
  7724 | D:8      | Paralysed by a gnoll sergeant for 3 turns
  7859 | D:8      | Found Botaru's Antique Armour Shoppe.
  7864 | D:8      | 7864 ||| BUYING pair of gloves (148 gold).
  7864 | D:8      | Bought a pair of gloves for 148 gold pieces
  7864 | D:8      | 7864 ||| BUYING pair of glowing gloves (247 gold).
  7864 | D:8      | Bought a pair of glowing gloves for 247 gold pieces
  7864 | D:8      | 7864 ||| SHOPLISTING shimmering scale mail (297 gold, have
                  | 55).
  7973 | D:8      | 7973 ||| INVOKING Heroism.
  7984 | D:8      | Reached skill level 8 in Fighting
  8034 | D:8      | 8034 ||| Stepping ~*~*~tactically~*~*~ (stealth).
  8037 | D:8      | 8037 ||| INVOKING Heroism.
  8262 | D:8      | 8262 ||| INVOKING Heroism.
  8263 | D:8      | 8263 ||| Stepping ~*~*~tactically~*~*~ (cloud).
  8280 | D:8      | Reached **** piety under Okawaru
  8386 | D:8      | 8386 ||| UPGRADING to +0 pair of gloves.
  8398 | D:8      | 8398 ||| DROPPING +0 pair of gloves of infusion.
  8411 | D:8      | 8411 ||| INVOKING Heroism.
  8416 | D:8      | Reached skill level 1 in Throwing
  8906 | D:8      | 8906 ||| READING 2 scrolls labelled RIEP XEKKIC.
  8907 | D:8      | 8907 ||| READING scroll of enchant armour.
  8907 | D:8      | 8907 ||| ENCHANTING +0 pair of gloves.
  8908 | D:8      | 8908 ||| READING scroll labelled ZAIT ESEANKE.
  8909 | D:8      | 8909 ||| READING 7 scrolls of identify.
  8909 | D:8      | 8909 ||| IDENTIFYING red potion
  8910 | D:8      | 8910 ||| DROPPING potion of flight.
  8928 | D:9      | 8928 ||| Stepping ~*~*~tactically~*~*~ (stealth).
  8943 | D:9      | 8943 ||| INVOKING Heroism.
  9079 | D:9      | Noticed a two-headed ogre
  9080 | D:9      | 9080 ||| INVOKING Heroism.
  9086 | D:9      | Killed a two-headed ogre
  9087 | D:9      | Reached skill level 6 in Invocations
  9087 | D:9      | Reached XP level 11. HP: 47/68 MP: 13/15
  9336 | D:9      | Noticed a two-headed ogre
  9337 | D:9      | 9337 ||| INVOKING Heroism.
  9341 | D:9      | Killed a two-headed ogre
  9342 | D:9      | Reached skill level 3 in Throwing
  9855 | D:9      | Found a staircase to the Lair.
  9856 | D:9      | 9856 ||| INVOKING Heroism.
 10115 | D:9      | 10115 ||| PLANNING LAIR
 10115 | D:9      | 10115 ||| DROPPING ring of magical power.
 10116 | D:9      | 10116 ||| UPGRADING to +4 ring of protection.
 10118 | D:9      | 10118 ||| DROPPING +6 ring of strength.
 10119 | D:9      | 10119 ||| READING scroll labelled HUAVOQ BYNYQEFICH.
 10120 | D:9      | 10120 ||| READING 8 scrolls of identify.
 10120 | D:9      | 10120 ||| IDENTIFYING gluggy clear potion
 10121 | D:9      | 10121 ||| DROPPING potion of ambrosia.
 10179 | Lair:1   | Entered Level 1 of the Lair of Beasts
 10232 | Lair:1   | 10232 ||| INVOKING Heroism.
 10247 | Lair:1   | Reached skill level 6 in Armour
 10247 | Lair:1   | Reached ***** piety under Okawaru
 10317 | Lair:1   | 10317 ||| INVOKING Heroism.
 10370 | Lair:1   | 10370 ||| Stepping ~*~*~tactically~*~*~ (stealth).
 10371 | Lair:1   | 10371 ||| INVOKING Heroism.
 10372 | Lair:1   | 10372 ||| Stepping ~*~*~tactically~*~*~ (stealth).
 10374 | Lair:1   | 10374 ||| Stepping ~*~*~tactically~*~*~ (stealth).
 10387 | Lair:1   | 10387 ||| INVOKING Heroism.
 10409 | Lair:1   | Reached skill level 9 in Fighting
 10440 | Lair:1   | 10440 ||| INVOKING Heroism.
 10457 | Lair:1   | Reached skill level 9 in Invocations
 10563 | Lair:1   | 10563 ||| INVOKING Heroism.
 10638 | Lair:1   | 10638 ||| Stepping ~*~*~tactically~*~*~ (hiding).
 10717 | Lair:1   | 10717 ||| INVOKING Heroism.
 10880 | Lair:1   | 10880 ||| INVOKING Heroism.
 10890 | Lair:1   | Identified the +2 scale mail "Ylosig" {Str+5 Slay+3}
                  | (Okawaru gifted it to you on level 1 of the Lair of Beasts)
 10890 | Lair:1   | Received a gift from Okawaru
 11038 | Lair:1   | 11038 ||| INVOKING Heroism.
 11047 | Lair:1   | Reached XP level 12. HP: 75/76 MP: 17/19
 11087 | Lair:1   | 11087 ||| UPGRADING to +2 scale mail "Ylosig" {Str+5
                  | Slay+3}.
 11097 | Lair:1   | 11097 ||| DROPPING +0 chain mail.
 11098 | Lair:1   | 11098 ||| READING scroll labelled PITIYJOM MATS.
 11272 | Lair:2   | 11272 ||| INVOKING Heroism.
 11330 | Lair:2   | 11330 ||| READING scroll of enchant armour.
 11330 | Lair:2   | 11330 ||| ENCHANTING +1 pair of gloves.
 11357 | Lair:2   | 11357 ||| INVOKING Heroism.
 11440 | Lair:2   | 11440 ||| INVOKING Heroism.
 11454 | Lair:2   | Reached skill level 12 in Axes
 11541 | Lair:2   | Found a staircase to the Shoals.
 11706 | Lair:2   | 11706 ||| Stepping ~*~*~tactically~*~*~ (stealth).
 11716 | Lair:2   | Noticed Amaemon
 11717 | Lair:2   | 11717 ||| INVOKING Heroism.
 11725 | Lair:2   | Reached skill level 6 in Shields
 11731 | Lair:2   | Killed Amaemon
 11769 | Lair:2   | 11769 ||| DROPPING +0 morningstar.
 11840 | Lair:2   | 11840 ||| INVOKING Heroism.
 12179 | Lair:2   | 12179 ||| UPGRADING to +0 helmet.
 12184 | Lair:2   | 12184 ||| READING 8 scrolls of identify.
 12184 | Lair:2   | 12184 ||| IDENTIFYING cyan potion
 12185 | Lair:2   | 12185 ||| DROPPING potion of degeneration.
 12203 | Lair:3   | Noticed a six-headed hydra
 12204 | Lair:3   | 12204 ||| INVOKING Heroism.
 12205 | Lair:3   | 12205 ||| STAIRDANCE
 12207 | Lair:2   | 12207 ||| SWAPPING to +1 demon whip of venom.
 12208 | Lair:2   | 12208 ||| INVOKING Finesse.
 12215 | Lair:2   | Killed a six-headed hydra
 12216 | Lair:2   | Reached skill level 10 in Fighting
 12216 | Lair:2   | 12216 ||| SWAPPING to +2 broad axe of freezing.
 12322 | Lair:3   | 12322 ||| INVOKING Heroism.
 12328 | Lair:3   | Noticed Rupert
 12329 | Lair:3   | 12329 ||| INVOKING Finesse.
 12335 | Lair:3   | Noticed Josephine
 12357 | Lair:3   | Killed Rupert
 12360 | Lair:3   | Killed Josephine
 12407 | Lair:3   | 12407 ||| Stepping ~*~*~tactically~*~*~ (stealth).
 12410 | Lair:3   | 12410 ||| INVOKING Heroism.
 12420 | Lair:3   | Reached XP level 13. HP: 82/82 MP: 18/20
 12423 | Lair:3   | Received a gift from Okawaru
 12453 | Lair:3   | 12453 ||| READING scroll of brand weapon.
 12453 | Lair:3   | 12453 ||| BRANDING +2 broad axe of freezing.
 12519 | Lair:3   | 12519 ||| INVOKING Heroism.
 12520 | Lair:3   | 12520 ||| INVOKING Finesse.
 12522 | Lair:3   | 12522 ||| SWAPPING to +1 demon whip of venom.
 12531 | Lair:3   | 12531 ||| SWAPPING to +2 broad axe of electrocution.
 12600 | Lair:3   | 12600 ||| Stepping ~*~*~tactically~*~*~ (hiding).
 12602 | Lair:3   | Found a staircase to the Snake Pit.
 12603 | Lair:3   | 12603 ||| INVOKING Heroism.
 12653 | Lair:3   | 12653 ||| INVOKING Heroism.
 12654 | Lair:3   | 12654 ||| INVOKING Finesse.
 12656 | Lair:3   | 12656 ||| SWAPPING to +1 demon whip of venom.
 12665 | Lair:3   | 12665 ||| SWAPPING to +2 broad axe of electrocution.
 12710 | Lair:3   | 12710 ||| INVOKING Heroism.
 12849 | Lair:3   | Found a hazy altar of Hepliaklqana.
 13016 | Lair:3   | 13016 ||| DROPPING scarf of shadows.
 13017 | Lair:3   | 13017 ||| DROPPING +0 pair of boots of rampaging.
 13018 | Lair:3   | 13018 ||| UPGRADING to +1 helmet.
 13028 | Lair:3   | 13028 ||| DROPPING +0 helmet.
 13061 | Lair:4   | 13061 ||| INVOKING Heroism.
 13062 | Lair:4   | 13062 ||| INVOKING Finesse.
 13066 | Lair:4   | 13066 ||| SWAPPING to +1 demon whip of venom.
 13069 | Lair:4   | 13069 ||| Stepping ~*~*~tactically~*~*~ (stealth).
 13078 | Lair:4   | 13078 ||| SWAPPING to +2 broad axe of electrocution.
 13120 | Lair:4   | 13120 ||| Stepping ~*~*~tactically~*~*~ (stealth).
 13122 | Lair:4   | 13122 ||| Stepping ~*~*~tactically~*~*~ (stealth).
 13123 | Lair:4   | 13123 ||| INVOKING Heroism.
 13124 | Lair:4   | 13124 ||| Stepping ~*~*~tactically~*~*~ (stealth).
 13192 | Lair:4   | 13192 ||| FLEEEEING.
 13193 | Lair:4   | 13193 ||| INVOKING Heroism.
 13215 | Lair:4   | Reached skill level 11 in Fighting
 13233 | Lair:4   | 13233 ||| Stepping ~*~*~tactically~*~*~ (stealth).
 13281 | Lair:4   | 13281 ||| Stepping ~*~*~tactically~*~*~ (hiding).
 13390 | Lair:4   | 13390 ||| Stepping ~*~*~tactically~*~*~ (stealth).
 13395 | Lair:4   | 13395 ||| Stepping ~*~*~tactically~*~*~ (stealth).
 13397 | Lair:4   | 13397 ||| Stepping ~*~*~tactically~*~*~ (stealth).
 13403 | Lair:4   | 13403 ||| Stepping ~*~*~tactically~*~*~ (stealth).
 13404 | Lair:4   | 13404 ||| Stepping ~*~*~tactically~*~*~ (stealth).
 13405 | Lair:4   | 13405 ||| Stepping ~*~*~tactically~*~*~ (stealth).
 13408 | Lair:4   | 13408 ||| Stepping ~*~*~tactically~*~*~ (stealth).
 13409 | Lair:4   | 13409 ||| INVOKING Heroism.
 13471 | Lair:4   | 13471 ||| INVOKING Heroism.
 13557 | Lair:4   | 13557 ||| INVOKING Heroism.
 13591 | Lair:4   | 13591 ||| Stepping ~*~*~tactically~*~*~ (hiding).
 13706 | Lair:4   | 13706 ||| Stepping ~*~*~tactically~*~*~ (stealth).
 13708 | Lair:4   | 13708 ||| Stepping ~*~*~tactically~*~*~ (stealth).
 13710 | Lair:4   | 13710 ||| INVOKING Heroism.
 13711 | Lair:4   | 13711 ||| Stepping ~*~*~tactically~*~*~ (stealth).
 13869 | Lair:4   | 13869 ||| Stepping ~*~*~tactically~*~*~ (stealth).
 13922 | Lair:4   | Found a viscous altar of Jiyva.
 13922 | Lair:4   | Found a staircase to the Slime Pits.
 13992 | Lair:4   | 13992 ||| Stepping ~*~*~tactically~*~*~ (hiding).
 13995 | Lair:4   | 13995 ||| INVOKING Heroism.
 13997 | Lair:4   | 13997 ||| INVOKING Finesse.
 14464 | Lair:4   | 14464 ||| UPGRADING to +0 kite shield.
 14474 | Lair:4   | 14474 ||| DROPPING +0 buckler.
 14475 | Lair:4   | 14475 ||| READING 9 scrolls of identify.
 14475 | Lair:4   | 14475 ||| IDENTIFYING grey potion
 14476 | Lair:4   | 14476 ||| DROPPING potion of invisibility.
 14494 | Lair:5   | Entered Level 5 of the Lair of Beasts
 14506 | Lair:5   | 14506 ||| INVOKING Heroism.
 14514 | Lair:5   | 14514 ||| INVOKING Finesse.
 14518 | Lair:5   | Received a gift from Okawaru
 14520 | Lair:5   | 14520 ||| SWAPPING to +1 demon whip of venom.
 14527 | Lair:5   | 14527 ||| SWAPPING to +2 broad axe of electrocution.
 14794 | Lair:5   | 14794 ||| INVOKING Heroism.
 14862 | Lair:5   | 14862 ||| Stepping ~*~*~tactically~*~*~ (stealth).
 14865 | Lair:5   | 14865 ||| INVOKING Heroism.
 14872 | Lair:5   | Reached skill level 9 in Shields
 14959 | Lair:5   | Gained mutation: Your large and strong wings let you fly.
                  | [Gargoyle growth]
 14959 | Lair:5   | Reached XP level 14. HP: 89/90 MP: 21/21
 14963 | Lair:5   | 14963 ||| Stepping ~*~*~tactically~*~*~ (stealth).
 14964 | Lair:5   | 14964 ||| Stepping ~*~*~tactically~*~*~ (stealth).
 14965 | Lair:5   | 14965 ||| Stepping ~*~*~tactically~*~*~ (stealth).
 14967 | Lair:5   | 14967 ||| Stepping ~*~*~tactically~*~*~ (hiding).
 14981 | Lair:5   | 14981 ||| Stepping ~*~*~tactically~*~*~ (hiding).
 15177 | Lair:5   | 15177 ||| Stepping ~*~*~tactically~*~*~ (stealth).
 15182 | Lair:5   | 15182 ||| INVOKING Heroism.
 15229 | Lair:5   | 15229 ||| Stepping ~*~*~tactically~*~*~ (stealth).
 15232 | Lair:5   | 15232 ||| Stepping ~*~*~tactically~*~*~ (stealth).
 15234 | Lair:5   | 15234 ||| Stepping ~*~*~tactically~*~*~ (stealth).
 15319 | Lair:5   | 15319 ||| Stepping ~*~*~tactically~*~*~ (stealth).
 15327 | Lair:5   | 15327 ||| Stepping ~*~*~tactically~*~*~ (stealth).
 15339 | Lair:5   | 15339 ||| Stepping ~*~*~tactically~*~*~ (stealth).
 15357 | Lair:5   | 15357 ||| READING scroll of enchant weapon.
 15357 | Lair:5   | 15357 ||| ENCHANTING +2 broad axe of electrocution.
 15411 | Lair:5   | 15411 ||| INVOKING Heroism.
 15417 | Lair:5   | Received a gift from Okawaru
 15712 | Lair:5   | 15712 ||| Stepping ~*~*~tactically~*~*~ (stealth).
 15714 | Lair:5   | 15714 ||| Stepping ~*~*~tactically~*~*~ (hiding).
 15721 | Lair:5   | Reached skill level 12 in Shields
 15721 | Lair:5   | 15721 ||| Stepping ~*~*~tactically~*~*~ (stealth).
 15832 | Lair:5   | 15832 ||| Stepping ~*~*~tactically~*~*~ (cloud).
 15871 | Lair:5   | 15871 ||| Stepping ~*~*~tactically~*~*~ (stealth).
 15872 | Lair:5   | 15872 ||| Stepping ~*~*~tactically~*~*~ (stealth).
 15889 | Lair:5   | 15889 ||| Stepping ~*~*~tactically~*~*~ (stealth).
 15890 | Lair:5   | 15890 ||| Stepping ~*~*~tactically~*~*~ (stealth).
 15903 | Lair:5   | 15903 ||| Stepping ~*~*~tactically~*~*~ (hiding).
 15910 | Lair:5   | 15910 ||| INVOKING Heroism.
 15911 | Lair:5   | 15911 ||| INVOKING Finesse.
 15979 | Lair:5   | Identified the +9 long sword of the Lonely Ziggurats
                  | {antimagic, rF+ Str+4 SInv}
 16052 | Lair:5   | 16052 ||| PLANNING D:1-11
 16052 | Lair:5   | 16052 ||| UPGRADING to +4 plate armour of cold resistance.
 16062 | Lair:5   | 16062 ||| UPGRADING to +0 cloak.
 16067 | Lair:5   | 16067 ||| DROPPING scarf of shadows.
 16068 | Lair:5   | 16068 ||| DROPPING +2 scale mail "Ylosig" {Str+5 Slay+3}.
 16179 | D:10     | Entered Level 10 of the Dungeon
 16241 | D:10     | Found Kidatwy's Book Boutique.
 16242 | D:10     | 16242 ||| FLEEEEING.
 16243 | D:10     | 16243 ||| FLEEEEING.
 16246 | D:10     | 16246 ||| FLEEEEING.
 16247 | D:10     | 16247 ||| FLEEEEING.
 16248 | D:10     | 16248 ||| FLEEEEING.
 16249 | D:10     | 16249 ||| FLEEEEING.
 16250 | D:10     | 16250 ||| FLEEEEING.
 16253 | D:10     | 16253 ||| FLEEEEING.
 16254 | D:10     | 16254 ||| FLEEEEING.
 16256 | D:10     | 16256 ||| FLEEEEING.
 16257 | D:10     | 16257 ||| FLEEEEING.
 16258 | D:10     | 16258 ||| FLEEEEING.
 16259 | D:10     | 16259 ||| Stepping ~*~*~tactically~*~*~ (hiding).
 16263 | D:10     | 16263 ||| INVOKING Heroism.
 16328 | D:10     | 16328 ||| Stepping ~*~*~tactically~*~*~ (hiding).
 16330 | D:10     | 16330 ||| INVOKING Heroism.
 16440 | D:10     | Found an opulent altar of Gozag.
 16545 | D:10     | Found a large runed translucent door.
 16546 | D:10     | Found a large runed translucent door.
 16625 | D:10     | 16625 ||| INVOKING Heroism.
 16805 | D:10     | 16805 ||| READING scroll of enchant weapon.
 16805 | D:10     | 16805 ||| ENCHANTING +3 broad axe of electrocution.
 16912 | D:11     | 16912 ||| INVOKING Heroism.
 17050 | D:11     | 17050 ||| INVOKING Heroism.
 17174 | D:11     | Found a staircase to the Orcish Mines.
 17312 | D:11     | 17312 ||| INVOKING Heroism.
 17321 | D:11     | Reached skill level 9 in Armour
 17382 | D:11     | 17382 ||| Stepping ~*~*~tactically~*~*~ (stealth).
 17384 | D:11     | 17384 ||| INVOKING Heroism.
 17411 | D:11     | 17411 ||| READING scroll of enchant armour.
 17411 | D:11     | 17411 ||| ENCHANTING +1 helmet.
 17722 | D:11     | 17722 ||| PLANNING D
 17791 | D:12     | Found Nuytomaj's General Store.
 17845 | D:12     | 17845 ||| BUYING +4 ring of protection (504 gold).
 17845 | D:12     | Bought a +4 ring of protection for 504 gold pieces
 17845 | D:12     | 17845 ||| BUYING scroll of enchant weapon (105 gold).
 17845 | D:12     | Bought a scroll of enchant weapon for 105 gold pieces
 17845 | D:12     | 17845 ||| READING scroll of enchant weapon.
 17845 | D:12     | 17845 ||| ENCHANTING +4 broad axe of electrocution.
 18038 | D:12     | 18038 ||| INVOKING Heroism.
 18130 | D:12     | 18130 ||| READING scroll of enchant weapon.
 18130 | D:12     | 18130 ||| ENCHANTING +5 broad axe of electrocution.
 18245 | D:12     | 18245 ||| Stepping ~*~*~tactically~*~*~ (stealth).
 18247 | D:12     | 18247 ||| Stepping ~*~*~tactically~*~*~ (hiding).
 18357 | D:12     | 18357 ||| READING scroll of enchant armour.
 18357 | D:12     | 18357 ||| ENCHANTING +0 pair of boots.
 18976 | D:12     | 18976 ||| UPGRADING to +4 ring of protection.
 18978 | D:12     | 18978 ||| DROPPING +6 ring of strength.
 19160 | D:13     | 19160 ||| Stepping ~*~*~tactically~*~*~ (hiding).
 19223 | D:13     | Identified the +1 broad axe of the Bespelling King {vorpal,
                  | rElec Str+3 Int-4} (Okawaru gifted it to you on level 13 of
                  | the Dungeon)
 19223 | D:13     | Received a gift from Okawaru
 19312 | D:13     | 19312 ||| DROPPING +1 broad axe of the Bespelling King
                  | {vorpal, rElec Str+3 Int-4}.
 19379 | D:13     | 19379 ||| Stepping ~*~*~tactically~*~*~ (hiding).
 19503 | D:13     | 19503 ||| INVOKING Heroism.
 19504 | D:13     | 19504 ||| INVOKING Finesse.
 19506 | D:13     | 19506 ||| SWAPPING to +1 demon whip of venom.
 19516 | D:13     | 19516 ||| SWAPPING to +6 broad axe of electrocution.
 19592 | D:13     | 19592 ||| Stepping ~*~*~tactically~*~*~ (hiding).
 19596 | D:13     | 19596 ||| INVOKING Heroism.
 19608 | D:13     | Reached skill level 15 in Axes
 19623 | D:13     | Reached XP level 15. HP: 46/94 MP: 22/22
 19874 | D:13     | 19874 ||| Stepping ~*~*~tactically~*~*~ (stealth).
 20103 | D:13     | 20103 ||| Stepping ~*~*~tactically~*~*~ (stealth).
 20162 | D:13     | 20162 ||| UPGRADING to amulet of the acrobat.
 20167 | D:13     | 20167 ||| READING scroll labelled POOHEM JICUAWNERCH.
 20334 | D:14     | Noticed Azrael
 20335 | D:14     | 20335 ||| INVOKING Heroism.
 20336 | D:14     | 20336 ||| INVOKING Finesse.
 20355 | D:14     | Reached skill level 12 in Fighting
 20355 | D:14     | Killed Azrael
 20427 | D:14     | Found a stormy altar of Qazlal.
 20430 | D:14     | 20430 ||| INVOKING Heroism.
 20431 | D:14     | 20431 ||| INVOKING Finesse.
 20527 | D:14     | 20527 ||| READING scroll of brand weapon.
 20527 | D:14     | 20527 ||| BRANDING +6 broad axe of electrocution.
 20719 | D:14     | Found a gate to the Vaults.
 20720 | D:14     | 20720 ||| Stepping ~*~*~tactically~*~*~ (hiding).
 20733 | D:14     | Received a gift from Okawaru
 21038 | D:15     | Entered Level 15 of the Dungeon
 21039 | D:15     | 21039 ||| Stepping ~*~*~tactically~*~*~ (hiding).
 21040 | D:15     | 21040 ||| Stepping ~*~*~tactically~*~*~ (hiding).
 21048 | D:15     | 21048 ||| INVOKING Heroism.
 21351 | D:15     | 21351 ||| INVOKING Heroism.
 21352 | D:15     | 21352 ||| SWAPPING to +1 demon whip of venom.
 21353 | D:15     | 21353 ||| INVOKING Finesse.
 21361 | D:15     | 21361 ||| SWAPPING to +6 vorpal broad axe.
 21407 | D:15     | 21407 ||| READING scroll of enchant weapon.
 21407 | D:15     | 21407 ||| ENCHANTING +6 vorpal broad axe.
 21410 | D:15     | 21410 ||| Stepping ~*~*~tactically~*~*~ (hiding).
 21412 | D:15     | 21412 ||| Stepping ~*~*~tactically~*~*~ (hiding).
 21421 | D:15     | 21421 ||| INVOKING Heroism.
 21737 | D:15     | 21737 ||| INVOKING Heroism.
 21738 | D:15     | 21738 ||| Stepping ~*~*~tactically~*~*~ (hiding).
 21754 | D:15     | Reached skill level 12 in Armour
 22095 | D:15     | 22095 ||| Stepping ~*~*~tactically~*~*~ (hiding).
 22217 | D:15     | 22217 ||| Stepping ~*~*~tactically~*~*~ (stealth).
 22221 | D:15     | 22221 ||| Stepping ~*~*~tactically~*~*~ (stealth).
 22259 | D:15     | 22259 ||| Stepping ~*~*~tactically~*~*~ (hiding).
 22738 | D:15     | Found a staircase to the Depths.
 22739 | D:15     | 22739 ||| INVOKING Heroism.
 22819 | D:15     | 22819 ||| PLANNING ORC
 22819 | D:15     | 22819 ||| DROPPING ring of willpower.
 22923 | Orc:1    | Entered Level 1 of the Orcish Mines
 22926 | Orc:1    | 22926 ||| Stepping ~*~*~tactically~*~*~ (stealth).
 22929 | Orc:1    | 22929 ||| Stepping ~*~*~tactically~*~*~ (stealth).
 22930 | Orc:1    | 22930 ||| Stepping ~*~*~tactically~*~*~ (stealth).
 22932 | Orc:1    | 22932 ||| INVOKING Heroism.
 22977 | Orc:1    | 22977 ||| INVOKING Heroism.
 22992 | Orc:1    | 22992 ||| INVOKING Finesse.
 23040 | Orc:1    | Found Gyxkan's Self-Improvement Boutique.
 23185 | Orc:2    | Entered Level 2 of the Orcish Mines
 23188 | Orc:2    | 23188 ||| INVOKING Heroism.
 23223 | Orc:2    | 23223 ||| INVOKING Heroism.
 23280 | Orc:2    | 23280 ||| Stepping ~*~*~tactically~*~*~ (hiding).
 23281 | Orc:2    | 23281 ||| Stepping ~*~*~tactically~*~*~ (stealth).
 23286 | Orc:2    | 23286 ||| INVOKING Heroism.
 23289 | Orc:2    | 23289 ||| Stepping ~*~*~tactically~*~*~ (stealth).
 23312 | Orc:2    | Identified the +1 acid dragon scales of the Game of Kings
                  | {rC+++ rCorr} (Okawaru gifted it to you on level 2 of the
                  | Orcish Mines)
 23312 | Orc:2    | Received a gift from Okawaru
 23320 | Orc:2    | 23320 ||| Stepping ~*~*~tactically~*~*~ (stealth).
 23382 | Orc:2    | 23382 ||| Stepping ~*~*~tactically~*~*~ (stealth).
 23383 | Orc:2    | 23383 ||| Stepping ~*~*~tactically~*~*~ (stealth).
 23409 | Orc:2    | Found Heigoaff's Jewellery Boutique.
 23410 | Orc:2    | 23410 ||| Stepping ~*~*~tactically~*~*~ (hiding).
 23412 | Orc:2    | 23412 ||| INVOKING Heroism.
 23418 | Orc:2    | 23418 ||| Stepping ~*~*~tactically~*~*~ (stealth).
 23455 | Orc:2    | 23455 ||| BUYING amulet "Feschor" {Faith rElec Str+4 Dex-5}
                  | (674 gold).
 23455 | Orc:2    | Bought the amulet "Feschor" {Faith rElec Str+4 Dex-5} for
                  | 674 gold pieces
 23455 | Orc:2    | 23455 ||| SHOPLISTING ring of ice (325 gold, have 152).
 23455 | Orc:2    | 23455 ||| SHOPLISTING ring of protection from cold (325
                  | gold, have 152).
 23460 | Orc:2    | Found Pothrymed's Assorted Antiques.
 23470 | Orc:2    | 23470 ||| INVOKING Heroism.
 23499 | Orc:2    | 23499 ||| SHOPLISTING glowing plate armour (754 gold, have
                  | 152).
 23499 | Orc:2    | 23499 ||| BUYING potion of lignification (87 gold).
 23499 | Orc:2    | Bought a potion of lignification for 87 gold pieces
 23499 | Orc:2    | 23499 ||| SHOPLISTING scroll of brand weapon (275 gold,
                  | have 65).
 23499 | Orc:2    | 23499 ||| SHOPLISTING scroll of enchant weapon (217 gold,
                  | have 65).
 23549 | Orc:2    | Found a staircase to the Elven Halls.
 23606 | Orc:2    | 23606 ||| Stepping ~*~*~tactically~*~*~ (hiding).
 23612 | Orc:2    | 23612 ||| INVOKING Heroism.
 23713 | Orc:2    | 23713 ||| INVOKING Heroism.
 23717 | Orc:2    | 23717 ||| Stepping ~*~*~tactically~*~*~ (hiding).
 23730 | Orc:2    | Found Gelelikuoc's Jewellery Boutique.
 23790 | Orc:2    | 23790 ||| SHOPLISTING amulet of the Zebra {RegenMP Rampage
                  | Str+3 Int+3} (793 gold, have 141).
 23790 | Orc:2    | 23790 ||| SHOPLISTING ring of protection from fire (400
                  | gold, have 141).
 23790 | Orc:2    | 23790 ||| SHOPLISTING ring of resist corrosion (320 gold,
                  | have 141).
 23795 | Orc:2    | Found Xahibay's Distillery.
 23796 | Orc:2    | 23796 ||| INVOKING Heroism.
 23813 | Orc:2    | 23813 ||| BUYING potion of cancellation (120 gold).
 23813 | Orc:2    | Bought a potion of cancellation for 120 gold pieces
 23813 | Orc:2    | 23813 ||| SHOPLISTING potion of curing (45 gold, have 21).
 23813 | Orc:2    | 23813 ||| SHOPLISTING potion of haste (150 gold, have 21).
 23813 | Orc:2    | 23813 ||| SHOPLISTING potion of might (60 gold, have 21).
 23843 | Orc:2    | 23843 ||| INVOKING Heroism.
 24019 | Orc:2    | 24019 ||| INVOKING Heroism.
 24020 | Orc:2    | Found Fuomuovo's Mayhem Merchandise.
 24020 | Orc:2    | Noticed an orc warlord
 24021 | Orc:2    | 24021 ||| INVOKING Finesse.
 24048 | Orc:2    | Killed an orc warlord
 24273 | Orc:2    | 24273 ||| DROPPING +0 acid dragon scales.
 24318 | Orc:1    | 24318 ||| INVOKING Heroism.
 24338 | Orc:1    | 24338 ||| DRINKING 8 potions of curing.
 24338 | Orc:1    | 24338 ||| (to cure confusion)
 24687 | Orc:1    | 24687 ||| PLANNING SNAKE:1-3
 24898 | Snake:1  | Entered Level 1 of the Snake Pit
 24918 | Snake:1  | 24918 ||| INVOKING Heroism.
 24997 | Snake:1  | Found Xoipaow's Jewellery Shop.
 25004 | Snake:1  | 25004 ||| SHOPLISTING ring of protection from cold (450
                  | gold, have 392).
 25004 | Snake:1  | 25004 ||| BUYING ring of resist corrosion (360 gold).
 25004 | Snake:1  | Bought a ring of resist corrosion for 360 gold pieces
 25023 | Snake:1  | Found Tanwid's Book Shop.
 25025 | Snake:1  | 25025 ||| Stepping ~*~*~tactically~*~*~ (hiding).
 25173 | Snake:1  | 25173 ||| READING scroll of enchant weapon.
 25173 | Snake:1  | 25173 ||| ENCHANTING +7 vorpal broad axe.
 25202 | Snake:1  | Found Zogunniu's Antique Armour Shoppe.
 25206 | Snake:1  | Found Amit's Weapon Shop.
 25214 | Snake:1  | 25214 ||| INVOKING Heroism.
 25223 | Snake:1  | Reached XP level 16. HP: 101/101 MP: 21/23
 25358 | Snake:1  | Found Roquanuo's Jewellery Shop.
 25366 | Snake:1  | 25366 ||| SHOPLISTING amulet of reflection (390 gold, have
                  | 94).
 25366 | Snake:1  | 25366 ||| SHOPLISTING ring "Adecoph" {rElec rCorr Str-5
                  | Dex+4 Slay+2} (523 gold, have 94).
 25366 | Snake:1  | 25366 ||| SHOPLISTING ring of fire (325 gold, have 94).
 25366 | Snake:1  | 25366 ||| SHOPLISTING ring of protection from fire (325
                  | gold, have 94).
 25382 | Snake:1  | Found Jairgh Yren's Antique Weapon Boutique.
 25382 | Snake:1  | Found Jeisofuk's Armour Shop.
 25588 | Snake:1  | 25588 ||| READING 14 scrolls of identify.
 25588 | Snake:1  | 25588 ||| IDENTIFYING silvery potion
 25635 | Snake:2  | 25635 ||| INVOKING Heroism.
 25657 | Snake:2  | 25657 ||| Stepping ~*~*~tactically~*~*~ (hiding).
 25660 | Snake:2  | 25660 ||| Stepping ~*~*~tactically~*~*~ (hiding).
 25671 | Snake:2  | 25671 ||| INVOKING Heroism.
 25848 | Snake:2  | 25848 ||| STAIRDANCE
 25880 | Snake:2  | 25880 ||| Stepping ~*~*~tactically~*~*~ (hiding).
 25881 | Snake:2  | 25881 ||| Stepping ~*~*~tactically~*~*~ (hiding).
 25883 | Snake:2  | 25883 ||| INVOKING Heroism.
 25957 | Snake:2  | Identified the +7 hand axe of Xunkakio {drain, Will+ Int+4}
 25966 | Snake:2  | Found a transporter.
 26043 | Snake:2  | 26043 ||| Stepping ~*~*~tactically~*~*~ (hiding).
 26045 | Snake:2  | 26045 ||| Stepping ~*~*~tactically~*~*~ (hiding).
 26078 | Snake:2  | 26078 ||| Stepping ~*~*~tactically~*~*~ (hiding).
 26079 | Snake:2  | 26079 ||| Stepping ~*~*~tactically~*~*~ (hiding).
 26086 | Snake:2  | 26086 ||| INVOKING Heroism.
 26185 | Snake:2  | Found Sutewupa's General Store.
 26187 | Snake:2  | Found Uloyg's Magic Scroll Emporium.
 26189 | Snake:2  | Found Laagoj's Assorted Antiques.
 26235 | Snake:2  | 26235 ||| BUYING scroll of enchant armour (112 gold).
 26235 | Snake:2  | Bought a scroll of enchant armour for 112 gold pieces
 26235 | Snake:2  | 26235 ||| SHOPLISTING scroll of enchant armour (112 gold,
                  | have 9).
 26235 | Snake:2  | 26235 ||| READING scroll of enchant armour.
 26235 | Snake:2  | 26235 ||| ENCHANTING +1 pair of boots.
 26342 | Snake:2  | 26342 ||| INVOKING Heroism.
 26355 | Snake:2  | Reached skill level 13 in Fighting
 26369 | Snake:2  | Noticed a nagaraja
 26370 | Snake:2  | 26370 ||| Stepping ~*~*~tactically~*~*~ (hiding).
 26371 | Snake:2  | 26371 ||| Stepping ~*~*~tactically~*~*~ (hiding).
 26378 | Snake:2  | Killed a nagaraja
 26410 | Snake:2  | 26410 ||| Stepping ~*~*~tactically~*~*~ (hiding).
 26417 | Snake:2  | Received a gift from Okawaru
 26519 | Snake:2  | 26519 ||| SWAPPING to +2 vampiric war axe.
 26545 | Snake:2  | 26545 ||| INVOKING Heroism.
 26662 | Snake:2  | 26662 ||| Stepping ~*~*~tactically~*~*~ (hiding).
 26689 | Snake:2  | 26689 ||| Stepping ~*~*~tactically~*~*~ (hiding).
 26800 | Snake:2  | Found a transporter.
 26841 | Snake:2  | 26841 ||| INVOKING Heroism.
 26917 | Snake:2  | 26917 ||| Stepping ~*~*~tactically~*~*~ (stealth).
 26919 | Snake:2  | 26919 ||| Stepping ~*~*~tactically~*~*~ (hiding).
 27000 | Snake:2  | 27000 ||| Stepping ~*~*~tactically~*~*~ (hiding).
 27001 | Snake:2  | 27001 ||| Stepping ~*~*~tactically~*~*~ (hiding).
 27460 | Snake:3  | Noticed Aizul
 27461 | Snake:3  | 27461 ||| INVOKING Heroism.
 27462 | Snake:3  | 27462 ||| INVOKING Finesse.
 27516 | Snake:3  | Killed Aizul
 27517 | Snake:3  | Reached skill level 6 in Throwing
 27624 | Snake:3  | 27624 ||| Stepping ~*~*~tactically~*~*~ (hiding).
 27626 | Snake:3  | 27626 ||| Stepping ~*~*~tactically~*~*~ (hiding).
 27857 | Snake:3  | Noticed Vashnia
 27858 | Snake:3  | 27858 ||| Stepping ~*~*~tactically~*~*~ (hiding).
 27861 | Snake:3  | 27861 ||| INVOKING Heroism.
 27863 | Snake:3  | 27863 ||| INVOKING Finesse.
 27873 | Snake:3  | 27873 ||| Stepping ~*~*~tactically~*~*~ (hiding).
 27907 | Snake:3  | Killed Vashnia
 27908 | Snake:3  | 27908 ||| Stepping ~*~*~tactically~*~*~ (hiding).
 27945 | Snake:3  | 27945 ||| DROPPING +1 demon whip of venom.
 27999 | Snake:3  | 27999 ||| INVOKING Heroism.
 28122 | Snake:3  | Noticed Mara
 28123 | Snake:3  | 28123 ||| INVOKING Heroism.
 28124 | Snake:3  | 28124 ||| INVOKING Finesse.
 28150 | Snake:3  | Noticed qw's illusion
 28173 | Snake:3  | Killed Mara
 28510 | Snake:3  | 28510 ||| INVOKING Heroism.
 28515 | Snake:3  | Reached skill level 14 in Fighting
 28652 | Snake:3  | 28652 ||| Stepping ~*~*~tactically~*~*~ (hiding).
 28655 | Snake:3  | 28655 ||| Stepping ~*~*~tactically~*~*~ (hiding).
 28659 | Snake:3  | 28659 ||| INVOKING Heroism.
 28753 | Snake:3  | Reached XP level 17. HP: 111/111 MP: 13/24
 28842 | Snake:3  | 28842 ||| PLANNING SHOALS:1-3
 28842 | Snake:3  | 28842 ||| UPGRADING to +0 tower shield.
 28852 | Snake:3  | 28852 ||| DROPPING +0 kite shield.
 29016 | Shoals:1 | Entered Level 1 of the Shoals
 29031 | Shoals:1 | 29031 ||| Stepping ~*~*~tactically~*~*~ (hiding).
 29032 | Shoals:1 | 29032 ||| Stepping ~*~*~tactically~*~*~ (hiding).
 29151 | Shoals:1 | 29151 ||| Stepping ~*~*~tactically~*~*~ (hiding).
 29152 | Shoals:1 | 29152 ||| Stepping ~*~*~tactically~*~*~ (hiding).
 29498 | Shoals:1 | Noticed Frances
 29499 | Shoals:1 | 29499 ||| Stepping ~*~*~tactically~*~*~ (hiding).
 29500 | Shoals:1 | 29500 ||| Stepping ~*~*~tactically~*~*~ (hiding).
 29503 | Shoals:1 | 29503 ||| INVOKING Heroism.
 29504 | Shoals:1 | 29504 ||| INVOKING Finesse.
 29525 | Shoals:1 | Killed Frances
 29525 | Shoals:1 | Received a gift from Okawaru
 29599 | Shoals:1 | 29599 ||| INVOKING Heroism.
 29683 | Shoals:1 | 29683 ||| INVOKING Heroism.
 29710 | Shoals:1 | Identified the +6 scale mail of Okawaru's Castigation {rF+}
                  | (Okawaru gifted it to you on level 1 of the Shoals)
 29710 | Shoals:1 | Received a gift from Okawaru
 29713 | Shoals:1 | Reached skill level 15 in Shields
 29791 | Shoals:1 | 29791 ||| Stepping ~*~*~tactically~*~*~ (stealth).
 29793 | Shoals:1 | 29793 ||| INVOKING Heroism.
 29794 | Shoals:1 | 29794 ||| INVOKING Finesse.
 30144 | Shoals:1 | 30144 ||| DROPPING +1 hat.
 30192 | Shoals:2 | 30192 ||| Stepping ~*~*~tactically~*~*~ (hiding).
 30195 | Shoals:2 | 30195 ||| INVOKING Heroism.
 30274 | Shoals:2 | 30274 ||| INVOKING Heroism.
 30339 | Shoals:2 | 30339 ||| Stepping ~*~*~tactically~*~*~ (hiding).
 30340 | Shoals:2 | 30340 ||| Stepping ~*~*~tactically~*~*~ (hiding).
 30396 | Shoals:2 | 30396 ||| Stepping ~*~*~tactically~*~*~ (hiding).
 30533 | Shoals:2 | Identified the +7 quarterstaff of Conscience {pain, Will+
                  | Int+2}
 30546 | Shoals:2 | 30546 ||| INVOKING Heroism.
 30547 | Shoals:2 | 30547 ||| INVOKING Finesse.
 30616 | Shoals:2 | 30616 ||| INVOKING Heroism.
 30617 | Shoals:2 | 30617 ||| INVOKING Finesse.
 30670 | Shoals:2 | 30670 ||| Stepping ~*~*~tactically~*~*~ (hiding).
 30702 | Shoals:2 | 30702 ||| INVOKING Heroism.
 31357 | Shoals:2 | 31357 ||| READING scroll labelled QAGOIMOARA.
 31357 | Shoals:2 | Identified a scroll of acquirement
 31390 | Shoals:3 | 31390 ||| READING scroll of acquirement.
 31390 | Shoals:3 | 31390 ||| ACQUIRING amulet of Cesteymu {Faith rPois Regen+}
 31390 | Shoals:3 | Acquired the amulet of Cesteymu {Faith rPois Regen+}
 31392 | Shoals:3 | 31392 ||| DROPPING amulet "Feschor" {Faith rElec Str+4
                  | Dex-5}.
 31401 | Shoals:3 | Found a runed translucent gate.
 31401 | Shoals:3 | Found a runed translucent gate.
 31410 | Shoals:3 | 31410 ||| Stepping ~*~*~tactically~*~*~ (hiding).
 31530 | Shoals:3 | 31530 ||| INVOKING Heroism.
 31552 | Shoals:3 | Found a runed translucent gate.
 31597 | Shoals:3 | 31597 ||| Stepping ~*~*~tactically~*~*~ (hiding).
 31598 | Shoals:3 | 31598 ||| Stepping ~*~*~tactically~*~*~ (hiding).
 31712 | Shoals:3 | 31712 ||| INVOKING Heroism.
 31814 | Shoals:3 | 31814 ||| Stepping ~*~*~tactically~*~*~ (stealth).
 31815 | Shoals:3 | 31815 ||| Stepping ~*~*~tactically~*~*~ (stealth).
 31818 | Shoals:3 | 31818 ||| Stepping ~*~*~tactically~*~*~ (hiding).
 31821 | Shoals:3 | 31821 ||| INVOKING Heroism.
 31876 | Shoals:3 | 31876 ||| INVOKING Heroism.
 31958 | Shoals:3 | 31958 ||| INVOKING Heroism.
 32383 | Shoals:3 | 32383 ||| PLANNING SNAKE:4
 32383 | Shoals:3 | 32383 ||| READING 2 scrolls labelled YCAUCL YLAM.
 32384 | Shoals:3 | 32384 ||| DROPPING scroll of blinking.
 32563 | Snake:4  | Entered Level 4 of the Snake Pit
 32589 | Snake:4  | Found the dreamshard necklace {*Dream Drain}
 32654 | Snake:4  | 32654 ||| Stepping ~*~*~tactically~*~*~ (hiding).
 32658 | Snake:4  | 32658 ||| INVOKING Heroism.
 32690 | Snake:4  | Noticed Kirke
 32693 | Snake:4  | 32693 ||| Stepping ~*~*~tactically~*~*~ (hiding).
 32715 | Snake:4  | 32715 ||| DRINKING 2 potions of cancellation.
 32721 | Snake:4  | Killed Kirke
 32731 | Snake:4  | 32731 ||| INVOKING Heroism.
 32865 | Snake:4  | 32865 ||| READING scroll of enchant weapon.
 32865 | Snake:4  | 32865 ||| ENCHANTING +2 vampiric war axe.
 32874 | Snake:4  | 32874 ||| INVOKING Heroism.
 32891 | Snake:4  | Received a gift from Okawaru
 33132 | Snake:4  | 33132 ||| READING scroll of enchant weapon.
 33132 | Snake:4  | 33132 ||| ENCHANTING +3 vampiric war axe.
 33418 | Snake:4  | Noticed Louise
 33419 | Snake:4  | 33419 ||| Stepping ~*~*~tactically~*~*~ (hiding).
 33423 | Snake:4  | 33423 ||| Stepping ~*~*~tactically~*~*~ (hiding).
 33446 | Snake:4  | Killed Louise
 33447 | Snake:4  | Reached skill level 18 in Shields
 33447 | Snake:4  | Reached XP level 18. HP: 116/116 MP: 25/25
 33447 | Snake:4  | 33447 ||| DROPPING +2 hand axe of flaming.
 33455 | Snake:4  | 33455 ||| INVOKING Heroism.
 33502 | Snake:4  | 33502 ||| INVOKING Heroism.
 33511 | Snake:4  | Received a gift from Okawaru
 33568 | Snake:4  | 33568 ||| Stepping ~*~*~tactically~*~*~ (hiding).
 33573 | Snake:4  | 33573 ||| INVOKING Heroism.
 33581 | Snake:4  | 33581 ||| Stepping ~*~*~tactically~*~*~ (hiding).
 33620 | Snake:4  | 33620 ||| INVOKING Heroism.
 33621 | Snake:4  | Received a gift from Okawaru
 33652 | Snake:4  | Got a serpentine rune of Zot
 33665 | Snake:4  | 33665 ||| Stepping ~*~*~tactically~*~*~ (hiding).
 33686 | Snake:4  | 33686 ||| INVOKING Heroism.
 33719 | Snake:4  | 33719 ||| PLANNING VAULTS:1-4
 34011 | Vaults:1 | Entered Level 1 of the Vaults
 34023 | Vaults:1 | 34023 ||| INVOKING Heroism.
 34046 | Vaults:1 | Reached skill level 15 in Fighting
 34119 | Vaults:1 | 34119 ||| INVOKING Heroism.
 34140 | Vaults:1 | 34140 ||| Stepping ~*~*~tactically~*~*~ (hiding).
 34141 | Vaults:1 | 34141 ||| Stepping ~*~*~tactically~*~*~ (hiding).
 34181 | Vaults:1 | Identified the +5 morningstar of the Bouncing Dreams
                  | {freeze, rN++ Str-3 Int+4}
 34185 | Vaults:1 | 34185 ||| INVOKING Heroism.
 34190 | Vaults:1 | Reached skill level 15 in Armour
 34217 | Vaults:1 | Identified the +1 plate armour of Uqiwn {Regen+ Dex+2}
                  | (Okawaru gifted it to you on level 1 of the Vaults)
 34217 | Vaults:1 | Received a gift from Okawaru
 34227 | Vaults:1 | 34227 ||| INVOKING Heroism.
 34563 | Vaults:1 | 34563 ||| INVOKING Heroism.
 34594 | Vaults:1 | 34594 ||| Stepping ~*~*~tactically~*~*~ (hiding).
 34802 | Vaults:1 | 34802 ||| Stepping ~*~*~tactically~*~*~ (stealth).
 35033 | Vaults:1 | Found Veril's General Store.
 35298 | Vaults:1 | 35298 ||| UPGRADING to +1 cloak.
 35308 | Vaults:1 | 35308 ||| DROPPING +0 cloak.
 35309 | Vaults:1 | 35309 ||| DROPPING +1 plate armour of Uqiwn {Regen+ Dex+2}.
 35418 | Vaults:2 | 35418 ||| Stepping ~*~*~tactically~*~*~ (hiding).
 35443 | Vaults:2 | 35443 ||| FLEEEEING.
 35444 | Vaults:2 | 35444 ||| FLEEEEING.
 35446 | Vaults:2 | 35446 ||| FLEEEEING.
 35447 | Vaults:2 | 35447 ||| FLEEEEING.
 35448 | Vaults:2 | 35448 ||| FLEEEEING.
 35449 | Vaults:2 | 35449 ||| FLEEEEING.
 35450 | Vaults:2 | 35450 ||| FLEEEEING.
 35451 | Vaults:2 | 35451 ||| FLEEEEING.
 35452 | Vaults:2 | 35452 ||| FLEEEEING.
 35453 | Vaults:2 | 35453 ||| FLEEEEING.
 35454 | Vaults:2 | 35454 ||| FLEEEEING.
 35455 | Vaults:2 | 35455 ||| FLEEEEING.
 35456 | Vaults:2 | 35456 ||| FLEEEEING.
 35457 | Vaults:2 | 35457 ||| FLEEEEING.
 35458 | Vaults:2 | 35458 ||| FLEEEEING.
 35459 | Vaults:2 | 35459 ||| FLEEEEING.
 35460 | Vaults:2 | 35460 ||| FLEEEEING.
 35461 | Vaults:2 | 35461 ||| FLEEEEING.
 35462 | Vaults:2 | 35462 ||| FLEEEEING.
 35463 | Vaults:2 | 35463 ||| FLEEEEING.
 35464 | Vaults:2 | 35464 ||| FLEEEEING.
 35465 | Vaults:2 | 35465 ||| FLEEEEING.
 35466 | Vaults:2 | 35466 ||| FLEEEEING.
 35467 | Vaults:2 | 35467 ||| FLEEEEING.
 35470 | Vaults:2 | 35470 ||| FLEEEEING.
 35471 | Vaults:2 | 35471 ||| FLEEEEING.
 35472 | Vaults:2 | 35472 ||| FLEEEEING.
 35474 | Vaults:2 | 35474 ||| FLEEEEING.
 35475 | Vaults:2 | 35475 ||| FLEEEEING.
 35476 | Vaults:2 | 35476 ||| FLEEEEING.
 35477 | Vaults:2 | 35477 ||| STAIRDANCE
 35542 | Vaults:2 | 35542 ||| INVOKING Heroism.
 35570 | Vaults:2 | Reached XP level 19. HP: 109/125 MP: 26/26
 35585 | Vaults:2 | Reached skill level 16 in Fighting
 35927 | Vaults:2 | 35927 ||| INVOKING Heroism.
 35949 | Vaults:2 | Noticed Zenata
 35950 | Vaults:2 | 35950 ||| INVOKING Heroism.
 35951 | Vaults:2 | 35951 ||| INVOKING Finesse.
 35984 | Vaults:2 | Noticed Frederick
 36000 | Vaults:2 | Killed Zenata
 36014 | Vaults:2 | Killed Frederick
 36057 | Vaults:2 | 36057 ||| INVOKING Heroism.
 36121 | Vaults:2 | 36121 ||| INVOKING Heroism.
 36142 | Vaults:2 | 36142 ||| INVOKING Heroism.
 36200 | Vaults:2 | Found a staircase to the Crypt.
 36276 | Vaults:2 | Found a portal to a secret trove of treasure.
 36315 | Vaults:2 | 36315 ||| INVOKING Heroism.
 36500 | Vaults:2 | 36500 ||| INVOKING Heroism.
 36540 | Vaults:2 | 36540 ||| Stepping ~*~*~tactically~*~*~ (hiding).
 36558 | Vaults:2 | Identified the +4 ice dragon scales of the Crafting Gods
                  | {rPois rF- rC++ Str+2 Int+2 Stlth+} (Okawaru gifted it to
                  | you on level 2 of the Vaults)
 36558 | Vaults:2 | Received a gift from Okawaru
 36560 | Vaults:2 | 36560 ||| Stepping ~*~*~tactically~*~*~ (hiding).
 36566 | Vaults:2 | 36566 ||| INVOKING Heroism.
 36601 | Vaults:2 | Reached skill level 17 in Fighting
 36928 | Vaults:2 | 36928 ||| Stepping ~*~*~tactically~*~*~ (hiding).
 37127 | Vaults:2 | 37127 ||| READING 20 scrolls of identify.
 37127 | Vaults:2 | 37127 ||| IDENTIFYING murky coppery potion
 37182 | Vaults:3 | 37182 ||| Stepping ~*~*~tactically~*~*~ (hiding).
 37186 | Vaults:3 | 37186 ||| INVOKING Heroism.
 37392 | Vaults:3 | 37392 ||| INVOKING Heroism.
 37432 | Vaults:3 | 37432 ||| DRINKING 15 potions of curing.
 37432 | Vaults:3 | 37432 ||| (to cure confusion)
 37444 | Vaults:3 | 37444 ||| INVOKING Heroism.
 37447 | Vaults:3 | Noticed an ancient lich
 37448 | Vaults:3 | 37448 ||| INVOKING Finesse.
 37476 | Vaults:3 | Killed an ancient lich
 37488 | Vaults:3 | 37488 ||| INVOKING Heroism.
 37522 | Vaults:3 | 37522 ||| INVOKING Heroism.
 37544 | Vaults:3 | Identified the +8 broad axe of the Hammering Oracle {venom,
                  | rF+ Str+4} (Okawaru gifted it to you on level 3 of the
                  | Vaults)
 37544 | Vaults:3 | Received a gift from Okawaru
 37562 | Vaults:3 | Reached skill level 6 in Dodging
 37794 | Vaults:3 | 37794 ||| SWAPPING to +8 broad axe of the Hammering Oracle
                  | {venom, rF+ Str+4}.
 37795 | Vaults:3 | 37795 ||| DROPPING +4 vampiric war axe.
 37796 | Vaults:3 | 37796 ||| DROPPING +8 vorpal broad axe.
 38039 | Vaults:3 | Found a large runed translucent door.
 38039 | Vaults:3 | Found a large runed translucent door.
 38039 | Vaults:3 | Found a large runed translucent door.
 38039 | Vaults:3 | Found a large runed translucent door.
 38039 | Vaults:3 | Found a large runed translucent door.
 38039 | Vaults:3 | Found a large runed translucent door.
 38039 | Vaults:3 | Found a large runed translucent door.
 38039 | Vaults:3 | Found a large runed translucent door.
 38039 | Vaults:3 | Noticed Marixus's ghost (adept HOFi)
 38370 | Vaults:3 | Reached XP level 20. HP: 134/134 MP: 27/27
 38399 | Vaults:3 | 38399 ||| Stepping ~*~*~tactically~*~*~ (hiding).
 38401 | Vaults:3 | 38401 ||| Stepping ~*~*~tactically~*~*~ (hiding).
 38405 | Vaults:3 | Paralysed by a great orb of eyes for 3 turns
 38410 | Vaults:3 | 38410 ||| DRINKING 14 potions of curing.
 38410 | Vaults:3 | 38410 ||| (to cure confusion)
 38830 | Vaults:3 | 38830 ||| FLEEEEING.
 38831 | Vaults:3 | 38831 ||| FLEEEEING.
 38832 | Vaults:3 | 38832 ||| FLEEEEING.
 38833 | Vaults:3 | 38833 ||| STAIRDANCE
 39141 | Vaults:4 | 39141 ||| Stepping ~*~*~tactically~*~*~ (stealth).
 39144 | Vaults:4 | 39144 ||| Stepping ~*~*~tactically~*~*~ (stealth).
 39148 | Vaults:4 | 39148 ||| Stepping ~*~*~tactically~*~*~ (stealth).
 39149 | Vaults:4 | 39149 ||| INVOKING Heroism.
 39429 | Vaults:4 | 39429 ||| Stepping ~*~*~tactically~*~*~ (stealth).
 39431 | Vaults:4 | 39431 ||| Stepping ~*~*~tactically~*~*~ (stealth).
 39618 | Vaults:4 | 39618 ||| INVOKING Heroism.
 39622 | Vaults:4 | 39622 ||| DRINKING 13 potions of curing.
 39622 | Vaults:4 | 39622 ||| (to cure confusion)
 39722 | Vaults:4 | 39722 ||| Stepping ~*~*~tactically~*~*~ (hiding).
 39732 | Vaults:4 | 39732 ||| INVOKING Heroism.
 39735 | Vaults:4 | Reached skill level 18 in Axes
 39742 | Vaults:4 | Reached ****** piety under Okawaru
 39797 | Vaults:4 | 39797 ||| INVOKING Heroism.
 39885 | Vaults:4 | 39885 ||| Stepping ~*~*~tactically~*~*~ (hiding).
 39887 | Vaults:4 | 39887 ||| Stepping ~*~*~tactically~*~*~ (hiding).
 39964 | Vaults:4 | 39964 ||| INVOKING Heroism.
 39979 | Vaults:4 | Received a gift from Okawaru
 40033 | Vaults:4 | 40033 ||| Stepping ~*~*~tactically~*~*~ (hiding).
 40040 | Vaults:4 | 40040 ||| Stepping ~*~*~tactically~*~*~ (hiding).
 40160 | Vaults:4 | 40160 ||| INVOKING Heroism.
 40165 | Vaults:4 | Noticed Saint Roka
 40169 | Vaults:4 | Reached skill level 9 in Throwing
 40178 | Vaults:4 | Killed Saint Roka
 40194 | Vaults:4 | Identified the +0 pair of gloves "Arpheag" {Int+2} (Okawaru
                  | gifted it to you on level 4 of the Vaults)
 40194 | Vaults:4 | Received a gift from Okawaru
 40385 | Vaults:4 | 40385 ||| INVOKING Heroism.
 40405 | Vaults:4 | 40405 ||| Stepping ~*~*~tactically~*~*~ (hiding).
 40583 | Vaults:4 | 40583 ||| Stepping ~*~*~tactically~*~*~ (stealth).
 40638 | Vaults:4 | 40638 ||| INVOKING Heroism.
 40639 | Vaults:4 | 40639 ||| Stepping ~*~*~tactically~*~*~ (stealth).
 40724 | Vaults:4 | 40724 ||| INVOKING Heroism.
 41111 | Vaults:4 | 41111 ||| INVOKING Heroism.
 41169 | Vaults:4 | 41169 ||| INVOKING Heroism.
 41314 | Vaults:4 | 41314 ||| Stepping ~*~*~tactically~*~*~ (hiding).
 41530 | Vaults:4 | 41530 ||| INVOKING Heroism.
 41705 | Vaults:4 | 41705 ||| PLANNING SHOALS:4
 41705 | Vaults:4 | 41705 ||| DROPPING +6 scale mail of Okawaru's Castigation
                  | {rF+}.
 41706 | Vaults:4 | 41706 ||| DROPPING +0 pair of gloves "Arpheag" {Int+2}.
 41707 | Vaults:4 | 41707 ||| DROPPING +2 pair of gloves.
 42061 | Shoals:4 | Entered Level 4 of the Shoals
 42062 | Shoals:4 | 42062 ||| INVOKING Heroism.
 42080 | Shoals:4 | Noticed Polyphemus
 42095 | Shoals:4 | Killed Polyphemus
 42102 | Shoals:4 | Reached skill level 18 in Fighting
 42107 | Shoals:4 | 42107 ||| INVOKING Heroism.
 42178 | Shoals:4 | 42178 ||| Stepping ~*~*~tactically~*~*~ (stealth).
 42187 | Shoals:4 | 42187 ||| FLEEEEING.
 42188 | Shoals:4 | 42188 ||| FLEEEEING.
 42189 | Shoals:4 | 42189 ||| FLEEEEING.
 42190 | Shoals:4 | 42190 ||| FLEEEEING.
 42191 | Shoals:4 | 42191 ||| Stepping ~*~*~tactically~*~*~ (hiding).
 42200 | Shoals:4 | 42200 ||| STAIRDANCE
 42283 | Shoals:4 | Found a transporter.
 42284 | Shoals:4 | 42284 ||| Stepping ~*~*~tactically~*~*~ (stealth).
 42306 | Shoals:4 | Noticed ShutUppercut's ghost (adept SpEn)
 42308 | Shoals:4 | Found a transporter.
 42311 | Shoals:4 | 42311 ||| INVOKING Heroism.
 42329 | Shoals:4 | Found a bloodstained altar of Trog.
 42336 | Shoals:4 | Reached XP level 21. HP: 117/141 MP: 28/28
 42377 | Shoals:4 | 42377 ||| INVOKING Heroism.
 42399 | Shoals:4 | Received a gift from Okawaru
 42448 | Shoals:4 | 42448 ||| Stepping ~*~*~tactically~*~*~ (stealth).
 42449 | Shoals:4 | 42449 ||| Stepping ~*~*~tactically~*~*~ (stealth).
 42450 | Shoals:4 | 42450 ||| Stepping ~*~*~tactically~*~*~ (stealth).
 42476 | Shoals:4 | 42476 ||| Stepping ~*~*~tactically~*~*~ (stealth).
 42478 | Shoals:4 | 42478 ||| Stepping ~*~*~tactically~*~*~ (stealth).
 42494 | Shoals:4 | 42494 ||| FLEEEEING.
 42495 | Shoals:4 | 42495 ||| FLEEEEING.
 42496 | Shoals:4 | 42496 ||| FLEEEEING.
 42499 | Shoals:4 | 42499 ||| FLEEEEING.
 42500 | Shoals:4 | 42500 ||| FLEEEEING.
 42502 | Shoals:4 | 42502 ||| FLEEEEING.
 42503 | Shoals:4 | 42503 ||| FLEEEEING.
 42505 | Shoals:4 | 42505 ||| FLEEEEING.
 42506 | Shoals:4 | 42506 ||| FLEEEEING.
 42507 | Shoals:4 | 42507 ||| FLEEEEING.
 42508 | Shoals:4 | 42508 ||| FLEEEEING.
 42509 | Shoals:4 | 42509 ||| STAIRDANCE
 42579 | Shoals:4 | 42579 ||| STAIRDANCE
 42662 | Shoals:4 | 42662 ||| INVOKING Heroism.
 42663 | Shoals:4 | 42663 ||| INVOKING Finesse.
 42751 | Shoals:4 | 42751 ||| Stepping ~*~*~tactically~*~*~ (stealth).
 42753 | Shoals:4 | 42753 ||| Stepping ~*~*~tactically~*~*~ (hiding).
 42813 | Shoals:4 | 42813 ||| Stepping ~*~*~tactically~*~*~ (stealth).
 42864 | Shoals:4 | 42864 ||| Stepping ~*~*~tactically~*~*~ (hiding).
 42879 | Shoals:4 | Identified the +0 hat of the Everdark {rPois rC- rN+ Str-4
                  | Dex+6} (Okawaru gifted it to you on level 4 of the Shoals)
 42879 | Shoals:4 | Received a gift from Okawaru
 42926 | Shoals:4 | 42926 ||| INVOKING Heroism.
 42927 | Shoals:4 | 42927 ||| INVOKING Finesse.
 42972 | Shoals:4 | 42972 ||| Stepping ~*~*~tactically~*~*~ (stealth).
 42975 | Shoals:4 | 42975 ||| Stepping ~*~*~tactically~*~*~ (hiding).
 42976 | Shoals:4 | 42976 ||| Stepping ~*~*~tactically~*~*~ (hiding).
 43065 | Shoals:4 | 43065 ||| Stepping ~*~*~tactically~*~*~ (stealth).
 43067 | Shoals:4 | 43067 ||| Stepping ~*~*~tactically~*~*~ (stealth).
 43068 | Shoals:4 | 43068 ||| Stepping ~*~*~tactically~*~*~ (hiding).
 43075 | Shoals:4 | Reached skill level 18 in Armour
 43132 | Shoals:4 | Got a barnacled rune of Zot
 43372 | Shoals:4 | 43372 ||| INVOKING Heroism.
 43474 | Shoals:4 | 43474 ||| Stepping ~*~*~tactically~*~*~ (hiding).
 43630 | Shoals:4 | 43630 ||| PLANNING DEPTHS
 43630 | Shoals:4 | 43630 ||| DROPPING +0 hat of the Everdark {rPois rC- rN+
                  | Str-4 Dex+6}.
 43947 | Depths:1 | Entered Level 1 of the Depths
 43996 | Depths:1 | 43996 ||| INVOKING Heroism.
 44101 | Depths:1 | 44101 ||| READING scroll of enchant armour.
 44101 | Depths:1 | 44101 ||| ENCHANTING +1 cloak.
 44121 | Depths:1 | 44121 ||| INVOKING Heroism.
 44227 | Depths:1 | 44227 ||| Stepping ~*~*~tactically~*~*~ (hiding).
 44299 | Depths:1 | 44299 ||| INVOKING Heroism.
 44299 | Depths:1 | Found a gateway to Hell.
 44438 | Depths:1 | 44438 ||| Stepping ~*~*~tactically~*~*~ (stealth).
 44439 | Depths:1 | 44439 ||| Stepping ~*~*~tactically~*~*~ (stealth).
 44451 | Depths:1 | 44451 ||| INVOKING Heroism.
 44452 | Depths:1 | 44452 ||| INVOKING Finesse.
 44463 | Depths:1 | 44463 ||| Stepping ~*~*~tactically~*~*~ (stealth).
 44492 | Depths:1 | 44492 ||| Stepping ~*~*~tactically~*~*~ (hiding).
 44493 | Depths:1 | 44493 ||| Stepping ~*~*~tactically~*~*~ (hiding).
 44524 | Depths:1 | 44524 ||| Stepping ~*~*~tactically~*~*~ (hiding).
 44678 | Depths:1 | 44678 ||| Stepping ~*~*~tactically~*~*~ (hiding).
 44690 | Depths:1 | 44690 ||| Stepping ~*~*~tactically~*~*~ (stealth).
 44716 | Depths:1 | 44716 ||| INVOKING Heroism.
 44717 | Depths:1 | 44717 ||| INVOKING Finesse.
 44834 | Depths:1 | Found Gaduakh's Book Boutique.
 44853 | Depths:1 | 44853 ||| Stepping ~*~*~tactically~*~*~ (hiding).
 44860 | Depths:1 | 44860 ||| INVOKING Heroism.
 44861 | Depths:1 | 44861 ||| INVOKING Finesse.
 45232 | Depths:1 | 45232 ||| Stepping ~*~*~tactically~*~*~ (stealth).
 45329 | Depths:1 | 45329 ||| Stepping ~*~*~tactically~*~*~ (hiding).
 45330 | Depths:1 | 45330 ||| Stepping ~*~*~tactically~*~*~ (hiding).
 45337 | Depths:1 | 45337 ||| INVOKING Heroism.
 45358 | Depths:1 | Reached skill level 19 in Fighting
 45423 | Depths:2 | 45423 ||| INVOKING Heroism.
 45708 | Depths:2 | 45708 ||| INVOKING Heroism.
 45745 | Depths:2 | Found a one-way gate leading to the halls of Pandemonium.
 45926 | Depths:2 | 45926 ||| INVOKING Heroism.
 45934 | Depths:2 | 45934 ||| INVOKING Finesse.
 45940 | Depths:2 | Received a gift from Okawaru
 46561 | Depths:2 | 46561 ||| INVOKING Heroism.
 46573 | Depths:2 | Received a gift from Okawaru
 46694 | Depths:2 | 46694 ||| INVOKING Heroism.
 46718 | Depths:2 | 46718 ||| INVOKING Finesse.
 46797 | Depths:2 | Received a gift from Okawaru
 46808 | Depths:2 | 46808 ||| INVOKING Heroism.
 46813 | Depths:2 | Reached XP level 22. HP: 130/148 MP: 26/29
 47039 | Depths:2 | 47039 ||| INVOKING Heroism.
 47050 | Depths:2 | Noticed a caustic shrike
 47050 | Depths:2 | Noticed a caustic shrike
 47051 | Depths:2 | 47051 ||| INVOKING Finesse.
 47051 | Depths:2 | Noticed a caustic shrike
 47058 | Depths:2 | Noticed a caustic shrike
 47059 | Depths:2 | Noticed a golden dragon
 47075 | Depths:2 | Killed a caustic shrike
 47076 | Depths:2 | Killed a caustic shrike
 47079 | Depths:2 | Killed a caustic shrike
 47086 | Depths:2 | Killed a caustic shrike
 47086 | Depths:2 | Received a gift from Okawaru
 47116 | Depths:2 | 47116 ||| READING 12 scrolls of teleportation.
 47116 | Depths:2 | HP: 28/149 [golden dragon (10)]
 47117 | Depths:2 | 47117 ||| DRINKING 13 potions of curing.
 47117 | Depths:2 | 47117 ||| (to cure confusion)
 47118 | Depths:2 | 47118 ||| DRINKING 4 potions of heal wounds.
 47119 | Depths:2 | 47119 ||| INVOKING Heroism.
 47221 | Depths:2 | 47221 ||| Invisible monster not found???
 47457 | Depths:2 | 47457 ||| INVOKING Heroism.
 47458 | Depths:2 | 47458 ||| INVOKING Finesse.
 47501 | Depths:2 | 47501 ||| READING scroll of enchant armour.
 47501 | Depths:2 | 47501 ||| ENCHANTING +4 plate armour of cold resistance.
 47526 | Depths:2 | 47526 ||| Stepping ~*~*~tactically~*~*~ (hiding).
 47529 | Depths:2 | 47529 ||| INVOKING Heroism.
 47533 | Depths:2 | Received a gift from Okawaru
 47533 | Depths:2 | Noticed a juggernaut
 47534 | Depths:2 | 47534 ||| INVOKING Finesse.
 47551 | Depths:2 | Reached skill level 20 in Fighting
 47556 | Depths:2 | Killed a juggernaut
 47572 | Depths:2 | Killed a golden dragon
 47572 | Depths:2 | Received a gift from Okawaru
 47621 | Depths:2 | 47621 ||| Stepping ~*~*~tactically~*~*~ (stealth).
 47624 | Depths:2 | 47624 ||| Stepping ~*~*~tactically~*~*~ (stealth).
 47772 | Depths:2 | Identified the +1 sling of the Other Side {speed, Will-
                  | rCorr Str+5}
 47791 | Depths:2 | Paralysed by a sphinx for 4 turns
 47843 | Depths:2 | 47843 ||| DROPPING +2 cloak.
 47859 | Depths:3 | 47859 ||| STAIRDANCE
 47873 | Depths:3 | 47873 ||| STAIRDANCE
 47875 | Depths:2 | 47875 ||| INVOKING Finesse.
 47877 | Depths:2 | 47877 ||| INVOKING Heroism.
 47923 | Depths:3 | 47923 ||| STAIRDANCE
 47932 | Depths:2 | Received a gift from Okawaru
 48029 | Depths:3 | 48029 ||| STAIRDANCE
 48086 | Depths:3 | 48086 ||| Stepping ~*~*~tactically~*~*~ (stealth).
 48136 | Depths:3 | 48136 ||| FLEEEEING.
 48137 | Depths:3 | 48137 ||| FLEEEEING.
 48138 | Depths:3 | 48138 ||| INVOKING Heroism.
 48139 | Depths:3 | 48139 ||| INVOKING Finesse.
 48222 | Depths:3 | 48222 ||| Stepping ~*~*~tactically~*~*~ (stealth).
 48224 | Depths:3 | 48224 ||| Stepping ~*~*~tactically~*~*~ (stealth).
 48226 | Depths:3 | 48226 ||| Stepping ~*~*~tactically~*~*~ (stealth).
 48228 | Depths:3 | 48228 ||| Stepping ~*~*~tactically~*~*~ (hiding).
 48229 | Depths:3 | 48229 ||| INVOKING Heroism.
 48230 | Depths:3 | 48230 ||| INVOKING Finesse.
 48245 | Depths:3 | Paralysed by a sphinx for 3 turns
 48255 | Depths:3 | Received a gift from Okawaru
 48268 | Depths:3 | 48268 ||| Stepping ~*~*~tactically~*~*~ (hiding).
 48284 | Depths:3 | 48284 ||| INVOKING Heroism.
 48497 | Depths:3 | 48497 ||| Stepping ~*~*~tactically~*~*~ (stealth).
 48504 | Depths:3 | 48504 ||| INVOKING Heroism.
 48529 | Depths:3 | 48529 ||| FLEEEEING.
 48530 | Depths:3 | 48530 ||| FLEEEEING.
 48531 | Depths:3 | 48531 ||| FLEEEEING.
 48532 | Depths:3 | 48532 ||| FLEEEEING.
 48533 | Depths:3 | 48533 ||| FLEEEEING.
 48534 | Depths:3 | 48534 ||| FLEEEEING.
 48535 | Depths:3 | 48535 ||| FLEEEEING.
 48536 | Depths:3 | 48536 ||| FLEEEEING.
 48537 | Depths:3 | 48537 ||| FLEEEEING.
 48538 | Depths:3 | 48538 ||| FLEEEEING.
 48550 | Depths:3 | 48550 ||| FLEEEEING.
 48551 | Depths:3 | 48551 ||| FLEEEEING.
 48552 | Depths:3 | 48552 ||| FLEEEEING.
 48553 | Depths:3 | 48553 ||| FLEEEEING.
 48558 | Depths:3 | 48558 ||| INVOKING Heroism.
 48618 | Depths:3 | 48618 ||| INVOKING Heroism.
 48889 | Depths:3 | 48889 ||| Stepping ~*~*~tactically~*~*~ (cloud).
 49066 | Depths:3 | 49066 ||| INVOKING Heroism.
 49073 | Depths:3 | Received a gift from Okawaru
 49148 | Depths:3 | 49148 ||| Stepping ~*~*~tactically~*~*~ (hiding).
 49154 | Depths:3 | Noticed a golden dragon
 49155 | Depths:3 | 49155 ||| INVOKING Heroism.
 49165 | Depths:3 | Killed a golden dragon
 49203 | Depths:3 | 49203 ||| Stepping ~*~*~tactically~*~*~ (stealth).
 49230 | Depths:3 | Found a one-way gateway to a ziggurat.
 49231 | Depths:3 | 49231 ||| INVOKING Heroism.
 49232 | Depths:3 | 49232 ||| ZAPPING wand of digging (8).
 49257 | Depths:3 | 49257 ||| READING scroll of enchant armour.
 49257 | Depths:3 | 49257 ||| ENCHANTING +5 plate armour of cold resistance.
 49443 | Depths:3 | 49443 ||| INVOKING Heroism.
 49467 | Depths:3 | Reached skill level 21 in Shields
 49475 | Depths:3 | Received a gift from Okawaru
 49675 | Depths:3 | 49675 ||| INVOKING Finesse.
 49688 | Depths:3 | 49688 ||| Stepping ~*~*~tactically~*~*~ (stealth).
 49771 | Depths:3 | 49771 ||| INVOKING Heroism.
 49772 | Depths:3 | 49772 ||| INVOKING Finesse.
 49778 | Depths:3 | 49778 ||| Stepping ~*~*~tactically~*~*~ (hiding).
 49798 | Depths:3 | Received a gift from Okawaru
 49799 | Depths:3 | 49799 ||| Stepping ~*~*~tactically~*~*~ (hiding).
 49799 | Depths:3 | Paralysed by a floating eye for 3 turns
 49816 | Depths:3 | 49816 ||| Stepping ~*~*~tactically~*~*~ (cloud).
 49837 | Depths:3 | Reached XP level 23. HP: 141/158 MP: 30/30
 49842 | Depths:3 | 49842 ||| INVOKING Finesse.
 49858 | Depths:3 | 49858 ||| Stepping ~*~*~tactically~*~*~ (hiding).
 49867 | Depths:3 | 49867 ||| Stepping ~*~*~tactically~*~*~ (hiding).
 49894 | Depths:3 | 49894 ||| Stepping ~*~*~tactically~*~*~ (stealth).
 49896 | Depths:3 | 49896 ||| Stepping ~*~*~tactically~*~*~ (stealth).
 49917 | Depths:3 | 49917 ||| INVOKING Heroism.
 49928 | Depths:3 | Noticed a golden dragon
 49929 | Depths:3 | 49929 ||| Stepping ~*~*~tactically~*~*~ (hiding).
 49949 | Depths:3 | Killed a golden dragon
 49949 | Depths:3 | Received a gift from Okawaru
 49979 | Depths:3 | 49979 ||| FLEEEEING.
 50055 | Depths:3 | 50055 ||| INVOKING Heroism.
 50056 | Depths:3 | 50056 ||| INVOKING Finesse.
 50073 | Depths:3 | Reached skill level 21 in Fighting
 50143 | Depths:3 | 50143 ||| INVOKING Heroism.
 50149 | Depths:3 | 50149 ||| DROPPING +2 plate armour of fire resistance.
 50153 | Depths:3 | Noticed a golden dragon
 50171 | Depths:3 | Killed a golden dragon
 50174 | Depths:3 | Received a gift from Okawaru
 50187 | Depths:3 | HP: 40/160 [something (5)]
 50192 | Depths:3 | 50192 ||| Stepping ~*~*~tactically~*~*~ (cloud).
 50195 | Depths:3 | 50195 ||| Stepping ~*~*~tactically~*~*~ (cloud).
 50860 | Depths:3 | 50860 ||| FLEEEEING.
 50861 | Depths:3 | 50861 ||| FLEEEEING.
 50862 | Depths:3 | 50862 ||| FLEEEEING.
 50863 | Depths:3 | 50863 ||| INVOKING Heroism.
 50872 | Depths:3 | 50872 ||| Stepping ~*~*~tactically~*~*~ (hiding).
 50895 | Depths:3 | Paralysed by a vampire knight for 2 turns
 50897 | Abyss:2  | Found a corrupted altar of Lugonu.
 50897 | Abyss:2  | Cast into level 2 of the Abyss (vampire knight)
 50904 | Abyss:2  | 50904 ||| INVOKING Heroism.
 50915 | Depths:3 | Escaped the Abyss
 50923 | Depths:3 | Paralysed by a vampire knight for 4 turns
 51145 | Depths:4 | Entered Level 4 of the Depths
 51216 | Depths:4 | 51216 ||| INVOKING Heroism.
 51220 | Depths:4 | Reached skill level 12 in Throwing
 51373 | Depths:4 | 51373 ||| Stepping ~*~*~tactically~*~*~ (hiding).
 51436 | Depths:4 | 51436 ||| INVOKING Heroism.
 51611 | Depths:4 | 51611 ||| Stepping ~*~*~tactically~*~*~ (stealth).
 51613 | Depths:4 | 51613 ||| Stepping ~*~*~tactically~*~*~ (hiding).
 51616 | Depths:4 | 51616 ||| Stepping ~*~*~tactically~*~*~ (hiding).
 51618 | Depths:4 | 51618 ||| INVOKING Heroism.
 51619 | Depths:4 | 51619 ||| INVOKING Finesse.
 51629 | Depths:4 | Noticed a caustic shrike
 51638 | Depths:4 | Noticed a caustic shrike
 51648 | Depths:4 | Killed a caustic shrike
 51664 | Depths:4 | Killed a caustic shrike
 51664 | Depths:4 | Noticed a caustic shrike
 51673 | Depths:4 | Killed a caustic shrike
 51794 | Depths:4 | 51794 ||| Stepping ~*~*~tactically~*~*~ (hiding).
 51801 | Depths:4 | 51801 ||| INVOKING Heroism.
 51820 | Depths:4 | 51820 ||| INVOKING Heroism.
 51969 | Depths:4 | 51969 ||| Stepping ~*~*~tactically~*~*~ (stealth).
 51971 | Depths:4 | 51971 ||| Stepping ~*~*~tactically~*~*~ (hiding).
 51974 | Depths:4 | 51974 ||| INVOKING Heroism.
 51984 | Depths:4 | Reached skill level 21 in Armour
 51991 | Depths:4 | 51991 ||| Stepping ~*~*~tactically~*~*~ (hiding).
 52026 | Depths:4 | Received a gift from Okawaru
 52027 | Depths:4 | 52027 ||| Stepping ~*~*~tactically~*~*~ (hiding).
 52337 | Depths:4 | 52337 ||| Stepping ~*~*~tactically~*~*~ (hiding).
 52349 | Depths:4 | 52349 ||| FLEEEEING.
 52354 | Depths:4 | 52354 ||| FLEEEEING.
 52355 | Depths:4 | 52355 ||| STAIRDANCE
 52506 | Depths:4 | 52506 ||| INVOKING Heroism.
 52507 | Depths:4 | 52507 ||| INVOKING Finesse.
 52566 | Depths:4 | 52566 ||| INVOKING Heroism.
 52701 | Depths:4 | 52701 ||| INVOKING Heroism.
 52711 | Depths:4 | Reached skill level 9 in Dodging
 52717 | Depths:4 | Gained mutation: Your spells are a little harder to cast,
                  | but a little more powerful. [a neqoxec]
 52719 | Depths:4 | Gained mutation: You have hidden genetic defects. [a
                  | neqoxec]
 52893 | Depths:4 | 52893 ||| Stepping ~*~*~tactically~*~*~ (stealth).
 52919 | Depths:4 | Identified the +1 ring mail "Kipno" {rF+} (Okawaru gifted
                  | it to you on level 4 of the Depths)
 52919 | Depths:4 | Received a gift from Okawaru
 53083 | Depths:4 | 53083 ||| Stepping ~*~*~tactically~*~*~ (stealth).
 53085 | Depths:4 | 53085 ||| Stepping ~*~*~tactically~*~*~ (hiding).
 53199 | Depths:4 | 53199 ||| INVOKING Heroism.
 53201 | Depths:4 | Found a gate to the Realm of Zot.
 53248 | Depths:4 | 53248 ||| PLANNING VAULTS:5
 53248 | Depths:4 | 53248 ||| DROPPING +1 pair of gloves.
 53560 | Vaults:5 | Entered Level 5 of the Vaults
 53561 | Vaults:5 | 53561 ||| INVOKING Heroism.
 53562 | Vaults:5 | 53562 ||| STAIRDANCE
 53580 | Vaults:5 | 53580 ||| STAIRDANCE
 53655 | Vaults:5 | 53655 ||| STAIRDANCE
 53657 | Vaults:4 | 53657 ||| INVOKING Heroism.
 53744 | Vaults:5 | 53744 ||| STAIRDANCE
 53790 | Vaults:5 | 53790 ||| STAIRDANCE
 53799 | Vaults:5 | 53799 ||| STAIRDANCE
 53806 | Vaults:5 | 53806 ||| INVOKING Heroism.
 53807 | Vaults:5 | 53807 ||| INVOKING Finesse.
 53831 | Vaults:5 | Reached skill level 22 in Fighting
 53833 | Vaults:5 | Gained mutation: Your magical capacity is low. (-10% MP)
                  | [hidden defects]
 53854 | Vaults:5 | Reached XP level 24. HP: 111/168 MP: 27/27
 53870 | Vaults:5 | 53870 ||| INVOKING Heroism.
 53928 | Vaults:5 | HP: 37/165 [tengu reaver/bolt of negative energy (10)]
 53929 | Vaults:5 | 53929 ||| READING 11 scrolls of teleportation.
 53930 | Vaults:5 | 53930 ||| DRINKING 3 potions of heal wounds.
 53942 | Vaults:5 | 53942 ||| FLEEEEING.
 53943 | Vaults:5 | 53943 ||| FLEEEEING.
 53944 | Vaults:5 | 53944 ||| FLEEEEING.
 53947 | Vaults:5 | 53947 ||| FLEEEEING.
 53948 | Vaults:5 | Gained mutation: Your body sometimes deteriorates upon
                  | taking damage. [hidden defects]
 53948 | Vaults:5 | Lost mutation: You have hidden genetic defects. [hidden
                  | defects expressed]
 53954 | Vaults:5 | 53954 ||| STAIRDANCE
 54302 | Vaults:5 | 54302 ||| Stepping ~*~*~tactically~*~*~ (hiding).
 54302 | Vaults:5 | Identified the +10 morningstar of Annoyance {pain, *Noise
                  | rCorr Str+7 Stlth+}
 54304 | Vaults:5 | 54304 ||| Stepping ~*~*~tactically~*~*~ (hiding).
 54310 | Vaults:5 | 54310 ||| INVOKING Heroism.
 54380 | Vaults:5 | 54380 ||| Stepping ~*~*~tactically~*~*~ (stealth).
 54560 | Vaults:5 | 54560 ||| Stepping ~*~*~tactically~*~*~ (hiding).
 54569 | Vaults:5 | 54569 ||| Stepping ~*~*~tactically~*~*~ (stealth).
 54573 | Vaults:5 | 54573 ||| Stepping ~*~*~tactically~*~*~ (stealth).
 54644 | Vaults:5 | 54644 ||| Stepping ~*~*~tactically~*~*~ (stealth).
 54645 | Vaults:5 | 54645 ||| Stepping ~*~*~tactically~*~*~ (stealth).
 54646 | Vaults:5 | 54646 ||| Stepping ~*~*~tactically~*~*~ (stealth).
 54664 | Vaults:5 | Received a gift from Okawaru
 54750 | Vaults:5 | Noticed an ancient lich
 54751 | Vaults:5 | 54751 ||| INVOKING Heroism.
 54752 | Vaults:5 | 54752 ||| INVOKING Finesse.
 54767 | Vaults:5 | Killed an ancient lich
 54891 | Vaults:5 | 54891 ||| FLEEEEING.
 54892 | Vaults:5 | 54892 ||| INVOKING Heroism.
 54895 | Vaults:5 | 54895 ||| Stepping ~*~*~tactically~*~*~ (hiding).
 54920 | Vaults:5 | 54920 ||| Stepping ~*~*~tactically~*~*~ (stealth).
 54947 | Vaults:5 | 54947 ||| FLEEEEING.
 55064 | Vaults:5 | Identified the ring "Etto" {rPois Slay+2}
 55066 | Vaults:5 | Identified the +3 buckler "Ecahiox" {rPois rF+}
 55077 | Vaults:5 | Identified the ring "Voocvi" {rPois rC- SInv Stlth+}
 55080 | Vaults:5 | 55080 ||| INVOKING Heroism.
 55339 | Vaults:5 | 55339 ||| INVOKING Heroism.
 55416 | Vaults:5 | 55416 ||| FLEEEEING.
 55417 | Vaults:5 | 55417 ||| FLEEEEING.
 55419 | Vaults:5 | 55419 ||| Stepping ~*~*~tactically~*~*~ (hiding).
 55421 | Vaults:5 | 55421 ||| Stepping ~*~*~tactically~*~*~ (hiding).
 55423 | Vaults:5 | 55423 ||| Stepping ~*~*~tactically~*~*~ (hiding).
 55425 | Vaults:5 | 55425 ||| Stepping ~*~*~tactically~*~*~ (hiding).
 55426 | Vaults:5 | 55426 ||| INVOKING Heroism.
 55447 | Vaults:5 | 55447 ||| DRINKING 14 potions of curing.
 55447 | Vaults:5 | 55447 ||| (to cure confusion)
 55460 | Vaults:5 | Identified the +9 spear "Pyowk" {flame, Str+4 Dex+8 SInv}
 55478 | Vaults:5 | Received a gift from Okawaru
 55480 | Vaults:5 | 55480 ||| DRINKING 13 potions of curing.
 55480 | Vaults:5 | 55480 ||| (to cure confusion)
 55483 | Vaults:5 | Paralysed by a sphinx for 3 turns
 55487 | Vaults:5 | 55487 ||| INVOKING Heroism.
 55499 | Vaults:5 | HP: 39/157 [shadow dragon (7)]
 55500 | Vaults:5 | 55500 ||| READING 11 scrolls of teleportation.
 55501 | Vaults:5 | 55501 ||| DRINKING 2 potions of heal wounds.
 55773 | Vaults:5 | Found the +3 Mad Mage's Maulers {Infuse+∞ RegenMP Int-3}
 55777 | Vaults:5 | 55777 ||| Stepping ~*~*~tactically~*~*~ (stealth).
 55983 | Vaults:5 | 55983 ||| INVOKING Heroism.
 56061 | Vaults:5 | 56061 ||| Stepping ~*~*~tactically~*~*~ (hiding).
 56063 | Vaults:5 | 56063 ||| Stepping ~*~*~tactically~*~*~ (hiding).
 56064 | Vaults:5 | 56064 ||| Stepping ~*~*~tactically~*~*~ (hiding).
 56114 | Vaults:5 | 56114 ||| Stepping ~*~*~tactically~*~*~ (hiding).
 56125 | Vaults:5 | 56125 ||| INVOKING Heroism.
 56377 | Vaults:5 | Identified the +6 scale mail of Loss {rC+}
 56491 | Vaults:5 | Identified the amulet of Eternity {Spirit rCorr}
 56499 | Vaults:5 | Identified the +9 eveningstar "Vanu" {venom, +Blink rPois}
 56536 | Vaults:5 | 56536 ||| INVOKING Heroism.
 56550 | Vaults:5 | 56550 ||| READING scroll of enchant armour.
 56550 | Vaults:5 | 56550 ||| ENCHANTING +6 plate armour of cold resistance.
 56613 | Vaults:5 | Got a silver rune of Zot
 56699 | Vaults:5 | 56699 ||| PLANNING SHOPPING SPREE
 56699 | Vaults:5 | 56699 ||| DROPPING +4 ice dragon scales of the Crafting
                  | Gods {rPois rF- rC++ Str+2 Int+2 Stlth+}.
 56700 | Vaults:5 | 56700 ||| UPGRADING to +0 helmet of see invisible.
 56710 | Vaults:5 | 56710 ||| DROPPING amulet of Cesteymu {Faith rPois Regen+}.
 56711 | Vaults:5 | 56711 ||| UPGRADING to amulet of reflection.
 56721 | Vaults:5 | 56721 ||| DROPPING amulet of the acrobat.
 56722 | Vaults:5 | 56722 ||| DROPPING +6 ring of intelligence.
 56723 | Vaults:5 | 56723 ||| DROPPING ring "Etto" {rPois Slay+2}.
 56724 | Vaults:5 | 56724 ||| DROPPING ring of fire.
 56976 | Orc:2    | 56976 ||| BUYING potion of curing (45 gold).
 56976 | Orc:2    | Bought a potion of curing for 45 gold pieces
 56976 | Orc:2    | 56976 ||| BUYING potion of haste (150 gold).
 56976 | Orc:2    | Bought a potion of haste for 150 gold pieces
 56976 | Orc:2    | 56976 ||| BUYING potion of haste (150 gold).
 56976 | Orc:2    | Bought a potion of haste for 150 gold pieces
 56976 | Orc:2    | 56976 ||| BUYING potion of might (60 gold).
 56976 | Orc:2    | Bought a potion of might for 60 gold pieces
 57234 | Snake:2  | 57234 ||| BUYING scroll of enchant armour (112 gold).
 57234 | Snake:2  | Bought a scroll of enchant armour for 112 gold pieces
 57234 | Snake:2  | 57234 ||| READING scroll of enchant armour.
 57234 | Snake:2  | 57234 ||| ENCHANTING +0 helmet of see invisible.
 57493 | Orc:2    | 57493 ||| BUYING glowing plate armour (754 gold).
 57493 | Orc:2    | Bought a glowing plate armour for 754 gold pieces
 57493 | Orc:2    | 57493 ||| BUYING scroll of brand weapon (275 gold).
 57493 | Orc:2    | Bought a scroll of brand weapon for 275 gold pieces
 57493 | Orc:2    | 57493 ||| BUYING scroll of enchant weapon (217 gold).
 57493 | Orc:2    | Bought a scroll of enchant weapon for 217 gold pieces
 57493 | Orc:2    | 57493 ||| DROPPING +3 plate armour of poison resistance.
 57737 | Orc:2    | 57737 ||| BUYING ring of ice (325 gold).
 57737 | Orc:2    | Bought a ring of ice for 325 gold pieces
 57737 | Orc:2    | 57737 ||| BUYING ring of protection from cold (325 gold).
 57737 | Orc:2    | Bought a ring of protection from cold for 325 gold pieces
 57737 | Orc:2    | 57737 ||| CLEARING SHOPPING LIST
 57737 | Orc:2    | 57737 ||| PLANNING ZOT:1-4
 57737 | Orc:2    | 57737 ||| READING 10 scrolls of teleportation.
 58012 | Zot:1    | Entered Level 1 of the Realm of Zot
 58017 | Zot:1    | 58017 ||| INVOKING Heroism.
 58029 | Zot:1    | Received a gift from Okawaru
 58154 | Zot:1    | 58154 ||| INVOKING Heroism.
 58181 | Zot:1    | Received a gift from Okawaru
 58366 | Zot:1    | 58366 ||| INVOKING Heroism.
 58380 | Zot:1    | Reached skill level 23 in Fighting
 58431 | Zot:1    | 58431 ||| INVOKING Heroism.
 58463 | Zot:1    | 58463 ||| INVOKING Heroism.
 58470 | Zot:1    | Noticed a curse toe
 58476 | Zot:1    | Received a gift from Okawaru
 58490 | Zot:1    | 58490 ||| INVOKING Heroism.
 58996 | Zot:1    | 58996 ||| INVOKING Heroism.
 59001 | Zot:1    | Reached XP level 25. HP: 176/176 MP: 26/27
 59182 | Zot:1    | 59182 ||| DROPPING scarf of repulsion.
 59284 | Zot:2    | 59284 ||| Stepping ~*~*~tactically~*~*~ (hiding).
 59330 | Zot:2    | 59330 ||| Stepping ~*~*~tactically~*~*~ (hiding).
 59355 | Zot:2    | 59355 ||| INVOKING Heroism.
 59377 | Zot:2    | 59377 ||| Stepping ~*~*~tactically~*~*~ (hiding).
 59378 | Zot:2    | 59378 ||| Stepping ~*~*~tactically~*~*~ (hiding).
 59379 | Zot:2    | 59379 ||| Stepping ~*~*~tactically~*~*~ (hiding).
 59395 | Zot:2    | Received a gift from Okawaru
 59406 | Zot:2    | 59406 ||| INVOKING Heroism.
 59417 | Zot:2    | HP: 33/178 [quicksilver dragon/bolt of dispelling energy
                  | (21)]
 59418 | Zot:2    | 59418 ||| READING 9 scrolls of teleportation.
 59418 | Zot:2    | HP: 11/178 [quicksilver dragon/bolt of dispelling energy
                  | (22)]
 59419 | Zot:2    | 59419 ||| READING 8 scrolls of teleportation.
 59420 | Zot:2    | 59420 ||| DRINKING 2 potions of heal wounds.
 59421 | Zot:2    | 59421 ||| DRINKING potion of heal wounds.
 59591 | Zot:2    | 59591 ||| Stepping ~*~*~tactically~*~*~ (stealth).
 59592 | Zot:2    | 59592 ||| Stepping ~*~*~tactically~*~*~ (stealth).
 59593 | Zot:2    | 59593 ||| INVOKING Heroism.
 59604 | Zot:2    | Reached skill level 24 in Fighting
 59608 | Zot:2    | 59608 ||| Stepping ~*~*~tactically~*~*~ (stealth).
 59615 | Zot:2    | Received a gift from Okawaru
 59645 | Zot:2    | 59645 ||| INVOKING Heroism.
 59673 | Zot:2    | 59673 ||| Stepping ~*~*~tactically~*~*~ (cloud).
 59673 | Zot:2    | Found a runed translucent door.
 59673 | Zot:2    | Noticed Sofait's ghost (legendary GnFE)
 59995 | Zot:2    | 59995 ||| Stepping ~*~*~tactically~*~*~ (hiding).
 60147 | Zot:2    | 60147 ||| Stepping ~*~*~tactically~*~*~ (hiding).
 60508 | Zot:2    | 60508 ||| Stepping ~*~*~tactically~*~*~ (hiding).
 60813 | Zot:3    | 60813 ||| INVOKING Heroism.
 60887 | Zot:3    | 60887 ||| INVOKING Heroism.
 60900 | Zot:3    | Received a gift from Okawaru
 60916 | Zot:3    | 60916 ||| INVOKING Heroism.
 61054 | Zot:3    | 61054 ||| FLEEEEING.
 61055 | Zot:3    | 61055 ||| FLEEEEING.
 61173 | Zot:3    | 61173 ||| INVOKING Heroism.
 61197 | Zot:3    | Received a gift from Okawaru
 61562 | Zot:3    | 61562 ||| INVOKING Heroism.
 61603 | Zot:3    | Noticed Parghit
 61604 | Zot:3    | 61604 ||| INVOKING Heroism.
 61605 | Zot:3    | 61605 ||| INVOKING Finesse.
 61609 | Zot:3    | Killed Parghit
 61670 | Zot:3    | 61670 ||| INVOKING Heroism.
 61737 | Zot:3    | 61737 ||| Stepping ~*~*~tactically~*~*~ (stealth).
 61751 | Zot:3    | Noticed a Killer Klown
 61754 | Zot:3    | 61754 ||| INVOKING Heroism.
 61755 | Zot:3    | 61755 ||| INVOKING Finesse.
 61760 | Zot:3    | 61760 ||| DRINKING potion of cancellation.
 61764 | Zot:3    | a Killer Klown changed into a juggernaut
 61764 | Zot:3    | Noticed a juggernaut
 61776 | Zot:3    | Killed a juggernaut
 61870 | Zot:3    | 61870 ||| Stepping ~*~*~tactically~*~*~ (hiding).
 62314 | Zot:3    | Received a gift from Okawaru
 62413 | Zot:3    | 62413 ||| DROPPING +10 plate armour of ponderousness.
 62414 | Zot:3    | 62414 ||| UPGRADING to +8 gold dragon scales.
 62424 | Zot:3    | 62424 ||| DROPPING +7 plate armour of cold resistance.
 62425 | Zot:3    | 62425 ||| DROPPING +0 gold dragon scales.
 62521 | Zot:4    | 62521 ||| INVOKING Heroism.
 62549 | Zot:4    | Reached skill level 25 in Fighting
 62681 | Zot:4    | 62681 ||| Stepping ~*~*~tactically~*~*~ (stealth).
 62729 | Zot:4    | 62729 ||| INVOKING Heroism.
 62799 | Zot:4    | 62799 ||| Stepping ~*~*~tactically~*~*~ (stealth).
 62893 | Zot:4    | 62893 ||| Stepping ~*~*~tactically~*~*~ (hiding).
 62895 | Zot:4    | 62895 ||| Stepping ~*~*~tactically~*~*~ (hiding).
 62971 | Zot:4    | 62971 ||| INVOKING Heroism.
 62973 | Zot:4    | Noticed an orb of fire
 62973 | Zot:4    | 62973 ||| DRINKING 2 potions of resistance.
 62974 | Zot:4    | 62974 ||| INVOKING Finesse.
 62993 | Zot:4    | Gained mutation: You occasionally lose the ability to read
                  | scrolls when taking damage. [an orb of fire]
 62996 | Zot:4    | Noticed Grunn
 63015 | Zot:4    | Gained mutation: You have hidden genetic defects. [an orb
                  | of fire]
 63019 | Zot:4    | Killed an orb of fire
 63020 | Zot:4    | Reached XP level 26. HP: 127/188 MP: 1/27
 63036 | Zot:4    | HP: 45/188 [bone dragon[a doom hound] (14)]
 63053 | Zot:4    | HP: 15/188 [Grunn/+5 bardiche of draining (12)]
 63058 | Zot:4    | Reached skill level 15 in Throwing
 63061 | Zot:4    | 63061 ||| READING 7 scrolls of teleportation.
 63066 | Zot:4    | HP: 2/188 [reaper/+3 scythe of distortion[a doom hound]
                  | (15)]
 63067 | Zot:4    | Slain by a reaper

Levels and vault maps discovered:
D:1:      nicolae_arrival_memento_mori, layout_basic, corexii_hall_statues_i
D:2:      layout_rooms, basic_altar, hellmonk_ecumenical_altar_lost_god,
          dk_noncrumbling_4, bh_walls_and_bars, uniq_natasha
D:3:      minmay_recursive_quarters, layout_basic,
          gammafunk_temple_overflow_pools, mainiacjoe_overflow_paths,
          serial_shops, nicolae_shop_competitors_out_of_business
D:4:      layout_loops_ring, trog_ov_bears_minmay,
          minmay_temple_entry_sparse_star, uniq_ijyb
D:5:      layout_cave_pools, nicolae_sif_muna_condensation, xom_butterflies,
          uniq_eustachio
D:6:      layout_rooms, amcnicky_altar_gilded, kiku_gazebo_pond_becter,
          serial_shops, shop, uniq_maggie, uniq_pikel, uniq_menkaure,
          uniq_edmund
D:7:      layout_basic, lemuel_doored_altar, overflow_temple_1_default,
          chequers_serial_rivers_micro_b
D:8:      minmay_inner_zag, layout_basic, nicolae_vehumet_radiance,
          serial_shops, shop_statue, minmay_stone_trees_small,
          hangedman_misty_isle
D:9:      layout_loops_corners, grunt_lair_entry_orc_guard_hut
D:10:     layout_roguey, mainiacjoe_overflow_surrounded_room,
          jmf_multi_god_temple2, serial_shops, shop
D:11:     layout_basic, minmay_orc_entry_guard_dogs
D:12:     layout_layer_cave, serial_shops, shop, minmay_strange_pillars
D:13:     layout_roguey, portal_ice_cave_demonic_guard
D:14:     layout_roguey, david_vaults_1, chequers_serial_rivers_micro_a,
          nicolae_qazlal_style_of_elements, uniq_azrael
D:15:     grunt_enter_depths_snipers, layout_basic, minmay_crystal_room
Lair:1:   layout_hall_layers
Lair:2:   layout_long_grid, elwin_shoals_entry_rooms, grunt_megastairs_2,
          lemuel_fruit_tree, uniq_amaemon
Lair:3:   statuecave_lemuel, layout_big_grid,
          minmay_snake_entry_guardpost_medium, basic_altar, serial_bayou_ford_a,
          uniq_josephine, uniq_rupert
Lair:4:   layout_regular_city, slime_entry_1
Lair:5:   guppyfry_lair_end_dragon, layout_hall_layers,
          hangedman_lair_tendril_chambers, infiniplex_staircase_pool_2
Shoals:1: layout_shoals, nicolae_shoals_mertower, uniq_frances
Shoals:2: layout_shoals
Shoals:3: layout_shoals, nicolae_shoals_beach_cooler
Shoals:4: shoals_end_grunt_garden, layout_shoals,
          gammafunk_ghost_wrathful_warriors, uniq_polyphemus
Snake:1:  layout_misc_corridors, serial_shops, nicolae_take_the_stairs,
          nicolae_shop_competitors_out_of_business, shop, shop,
          nicolae_shop_trees, minmay_shoptagon
Snake:2:  gammafunk_sealed_arena, layout_misc_corridors, grunt_ministairs_4,
          nicolae_wooded_promenade, nicolae_snake_snakes_in_the_grass
Snake:3:  layout_grid_maze, uniq_mara, uniq_vashnia, uniq_aizul
Snake:4:  grunt_snake_rune_pools, layout_onion_interference, uniq_kirke,
          uniq_louise
Orc:1:    layout_caves, nicolae_shop_self_help
Orc:2:    st_orc_town, layout_caves, minmay_shop_mayhem
Vaults:1: nicolae_vaults_yaktaur_gun_rack, hangedman_vaults_corner, v_misc_11,
          nicolae_vaults_gold_heap, nicolae_vaults_asterisk,
          hangedman_vaults_locks, nicolae_vaults_little_ls,
          ontoclasm_vaults_ring_square, layout_vaults_omnigrid, serial_shops,
          shop
Vaults:2: nicolae_vaults_mini_display_case, v_misc_28, v_alt_pattern_2,
          blue_anna_dwarven_crypt, vaults_mumra_hex, grunt_vaults_twisty,
          vaults_dpeg_ring, vaults_dpeg_encased_lava,
          layout_vaults_chaotic_city, nicolae_trove_entry_free_sample,
          uniq_frederick, uniq_zenata
Vaults:3: advil_vaults_ghost_lines, hangedman_vaults_variations,
          vaults_dpeg_cross, nicolae_vaults_an_arrangement,
          ontoclasm_vaults_tryst, ontoclasm_vaults_decontamination,
          hangedman_vaults_trim, hangedman_vaults_capsules,
          nicolae_vaults_little_squares_4, nicolae_vaults_alarming,
          nicolae_vaults_circle_grid_b, ontoclasm_vaults_ligature,
          ontoclasm_vaults_twist, nicolae_vaults_ninety_degrees,
          grunt_vaults_swirl, layout_vaults_omnicross
Vaults:4: st_lines, ontoclasm_vaults_ring_large, nicolae_vaults_asterisk,
          nicolae_vaults_network_periphery, hangedman_vaults_stitches,
          v_alt_pattern_4, hangedman_vaults_slither, v_misc_11,
          ontoclasm_vaults_ring_small, nicolae_vaults_little_squares_4,
          vaults_standard_mumra_enter_the_diamond, v_misc_29,
          layout_vaults_omnibox, uniq_saint_roka
Vaults:5
Depths:1: layout_small_grid, minmay_misc_feat_room, hellmouth_1,
          kennysheep_generic_room_3, minmay_shop_star
Depths:2: grunt_runaround [grunt_runaround_doors_1, grunt_runaround_doors_2,
          grunt_runaround_doors_3, grunt_runaround_doors_4,
          grunt_runaround_loot], hell_entry, pan_entry
Depths:3: nzn_winding_woodlands_huge [nzn_winding_woodlands_5x15_jagged,
          nzn_winding_woodlands_5x15_sidewinder,
          nzn_winding_woodlands_5x15_river_crossing,
          nzn_winding_woodlands_5x15_concentric,
          nzn_winding_woodlands_5x15_pathside_ponds,
          nzn_winding_woodlands_5x15_eye, nzn_winding_woodlands_5x15_parted,
          nzn_winding_woodlands_5x15_garden, nzn_winding_woodlands_5x15_default,
          nzn_winding_woodlands_5x15_default,
          nzn_winding_woodlands_center_triple_pond,
          nzn_winding_woodlands_center_pierced_h,
          nzn_winding_woodlands_15x15_thick_spiral], layout_twisted_cross,
          enter_ziggurat_c, abyss_entry, hell_entry
Depths:4: grunt_zot_entry_bicorn, layout_gridlike, pf_coc_iceberg,
          serial_co_window_serial, co_window_paths_b, co_window_paths_a,
          co_window_of_opportunity_a, co_window_paths_a, co_window_paths_a,
          co_window_corner_b, co_window_corner_b, co_window_2corner,
          glass_columns_b, glass_columns_b, glass_columns_c,
          rand_demon_pan_entry_9
Zot:1:    layout_cellular_growth
Zot:2:    layout_onion_interference, hellmonk_ghost_happy_afterlife,
          amethyst_zot_foddershock
Zot:3:    layout_concentric_octagons, lemuel_baited_zot_trap,
          st_single_dragon_hoard_2, uniq_parghit
Zot:4:    infiniplex_zot_generator, layout_cathedral_of_symmetry,
          uniq_josephina, uniq_grunn

Skill      XL: |  1  2  3  4  5  6  7  8  9 10 11 12 13 14 15 16 17 18 19 20 21 22 23 24 25 26 |
---------------+-------------------------------------------------------------------------------+-----
Axes           | 2 3 4 5 6 7 8 9 10 11 13 14 15 16 17 18 | 18.0
Fighting       | 4 5 6 7 8 9 10 11 12 14 15 17 18 19 20 22 23 25 | 25.4
Dodging        | 1 3 4 5 6 7 8 9 10 | 10.0
Invocations    | 2 4 6 9 10 | 10.0
Armour         | 4 5 6 7 11 12 13 15 17 19 20 21 22 | 22.0
Shields        | 4 5 6 9 12 13 18 19 20 21 22 | 22.0
Throwing       | 2 3 4 5 6 7 10 11 12 13 14 15 | 15.0

Action                   |  1- 3 |  4- 6 |  7- 9 | 10-12 | 13-15 | 16-18 | 19-21 | 22-24 | 25-27 || total
-------------------------+-------+-------+-------+-------+-------+-------+-------+-------+-------++-------
Melee: War axe           |   139 |    90 |       |       |       |  1601 |   537 |       |       ||  2367
       Broad axe         |       |   142 |   220 |   360 |   983 |   149 |  1023 |  1521 |   653 ||  5051
       Demon whip        |       |       |       |     7 |    38 |       |       |       |       ||    45
Throw: Javelin           |       |       |       |    27 |    86 |    39 |   102 |   102 |    47 ||   403
       Boomerang         |       |       |       |       |    13 |     8 |    22 |       |       ||    43
Invok: Heroism           |       |       |    16 |    27 |    50 |    41 |    45 |    52 |    15 ||   246
       Finesse           |       |       |       |     2 |    12 |     7 |     9 |    14 |     3 ||    47
Evoke: Wand              |       |       |       |       |       |       |       |     1 |       ||     1
  Use: Scroll            |     4 |     6 |     5 |    10 |    12 |     6 |     2 |     8 |     3 ||    56
       Potion            |     1 |     3 |       |       |     1 |     1 |     3 |     6 |     4 ||    19
 Stab: Distracted        |       |       |       |       |       |       |       |     1 |     1 ||     2
Armor: Scale mail        |    92 |   130 |    18 |    48 |   131 |       |       |       |       ||   419
       Chain mail        |       |       |    90 |   120 |       |       |       |       |       ||   210
       Plate armour      |       |       |       |       |   297 |  1035 |   611 |   817 |   278 ||  3038
       Gold dragon scale |       |       |       |       |       |       |       |       |    87 ||    87
Dodge: Dodged            |    85 |   126 |   100 |   149 |   291 |   535 |   343 |   411 |   177 ||  2217
Block: Buckler           |    34 |    48 |    52 |    72 |    36 |       |       |       |       ||   242
       Kite shield       |       |       |       |       |   499 |   278 |       |       |       ||   777
       Tower shield      |       |       |       |       |       |  1310 |  1295 |  1278 |   750 ||  4633
       Reflection        |       |       |       |       |       |       |       |     3 |     9 ||    12

Table legend:
 A = Non-vault XP
 B = Vault XP
 C = Vault XP percentage of total XP
 D = Non-vault monster count
 E = Vault monster count
 F = Vault count percentage of total count
                 A         B        C        D         E       F
            +---------+---------+-------+---------+---------+-------
      Total |  624303 |  496454 |  44.3 |    1202 |     667 |  35.7
            +---------+---------+-------+---------+---------+-------
        D:1 |      61 |       0 |   0.0 |      29 |       0 |   0.0
        D:2 |     163 |      36 |  18.1 |      22 |       1 |   4.3
        D:3 |      65 |      43 |  39.8 |      17 |      10 |  37.0
        D:4 |     229 |     293 |  56.1 |      22 |       3 |  12.0
        D:5 |     670 |     196 |  22.6 |      18 |       1 |   5.3
        D:6 |     633 |    1414 |  69.1 |      12 |       4 |  25.0
        D:7 |    1004 |       0 |   0.0 |      21 |       0 |   0.0
        D:8 |    1831 |    1372 |  42.8 |      21 |      12 |  36.4
        D:9 |    2566 |     456 |  15.1 |       8 |       5 |  38.5
       D:10 |    4278 |       0 |   0.0 |      24 |       0 |   0.0
       D:11 |    4175 |     158 |   3.6 |      27 |       1 |   3.6
       D:12 |    2085 |       0 |   0.0 |      13 |       0 |   0.0
       D:13 |   12364 |     656 |   5.0 |      29 |       2 |   6.5
       D:14 |    1516 |    4533 |  74.9 |       7 |      12 |  63.2
       D:15 |    5786 |    2704 |  31.8 |      12 |       3 |  20.0
     Lair:1 |    7375 |       0 |   0.0 |      28 |       0 |   0.0
     Lair:2 |    4252 |    1939 |  31.3 |      17 |       4 |  19.0
     Lair:3 |    6883 |    4692 |  40.5 |      26 |      12 |  31.6
     Lair:4 |   11433 |       0 |   0.0 |      37 |       0 |   0.0
     Lair:5 |    7493 |   12811 |  63.1 |      23 |      50 |  68.5
   Shoals:1 |   12219 |    4781 |  28.1 |      28 |       6 |  17.6
   Shoals:2 |   19346 |       0 |   0.0 |      39 |       0 |   0.0
   Shoals:3 |   15381 |     458 |   2.9 |      34 |       1 |   2.9
   Shoals:4 |   19745 |   20967 |  51.5 |      38 |      32 |  45.7
    Snake:1 |    9886 |       0 |   0.0 |      24 |       0 |   0.0
    Snake:2 |   18644 |    3330 |  15.2 |      36 |       8 |  18.2
    Snake:3 |   13224 |   11936 |  47.4 |      24 |       8 |  25.0
    Snake:4 |    7466 |   26049 |  77.7 |      16 |      47 |  74.6
      Orc:1 |    6274 |       0 |   0.0 |      44 |       0 |   0.0
      Orc:2 |    3804 |    8309 |  68.6 |      32 |      59 |  64.8
   Vaults:1 |   35338 |    9746 |  21.6 |      49 |      14 |  22.2
   Vaults:2 |   27122 |   19105 |  41.3 |      47 |      23 |  32.9
   Vaults:3 |   21793 |   26860 |  55.2 |      36 |      30 |  45.5
   Vaults:4 |   33209 |   54307 |  62.1 |      47 |      74 |  61.2
   Vaults:5 |   17880 |   86545 |  82.9 |      28 |      71 |  71.7
   Depths:1 |   28442 |    4978 |  14.9 |      32 |       6 |  15.8
   Depths:2 |    4517 |   94673 |  95.4 |       7 |      92 |  92.9
   Depths:3 |   33298 |   56266 |  62.8 |      37 |      47 |  56.0
   Depths:4 |   36916 |   18472 |  33.4 |      36 |      19 |  34.5
      Zot:1 |   51071 |       0 |   0.0 |      44 |       0 |   0.0
      Zot:2 |   39406 |    7241 |  15.5 |      34 |       5 |  12.8
      Zot:3 |   45639 |    5501 |  10.8 |      39 |       2 |   4.9
      Zot:4 |   48821 |    4124 |   7.8 |      38 |       2 |   5.0
    Abyss:2 |       0 |    1503 | 100.0 |       0 |       1 | 100.0
            +---------+---------+-------+---------+---------+-------
